 Dungeon Crawl Stone Soup version 0.31-a0-1388-g4b2ba238e7 (webtiles) character file.

Game seed: 10112927994175641281

4162316 RBrandon the Shapeless Oni (level 26, 401/401 HPs)
             Began as an Oni Alchemist on Dec 23, 2023.
             Was the Champion of Ru.
             Escaped with the Orb
             ... and 6 runes on Dec 24, 2023!
             The game lasted 04:23:52 (73829 turns).

RBrandon the Shapeless Oni (Oni Alchemist)         Turns: 73829, Time: 04:23:52

Health: 401/401    AC: 47    Str: 15    XL:     26
Magic:  34/34      EV: 21    Int: 21    God:    Ru [******]
Gold:   3294       SH:  0    Dex: 18    Spells: 2/45 levels left

rFire   + . .        a - +8 pair of quick blades "Gyre" and "Gimble" {protect}
rCold   + + .        (shield currently unavailable)
rNeg    + + .        h - melded +3 troll leather armour {Snorg}
rPois   ∞            (helmet restricted)
rElec   +            z - +4 cloak of Poor Excuses {Int+3}
rCorr   .            (gloves unavailable)
SInv    .            (boots unavailable)
Will    +....        N - amulet of regeneration
Stlth   ++           y - ring "Lilletil" {rC+ rN+ MP+9 AC+4 Str-4}
HPRegen 1.66/turn    s - ring "Heusepn" {rF+ rC+ Dex+3 Slay+2}
MPRegen 0.24/turn

%: no passive effects
@: statue-form, studying Maces & Flails, very slow
A: slow and powerful, torment resistance 1, boosted hp, large, unfitting armour,
horns 1, low MP 3, (tough skin 1), cowardly, weak-willed 1, unskilled 1,
inexperienced 1, double potion healing, drunken brawling, (iridescent scales 1),
thin skeletal structure 1, deformed body, dopey 1, poison resistance, wild magic
1
0: Orb of Zot
}: 6/15 runes: serpentine, barnacled, slimy, silver, bone, abyssal
a: Begin Untransformation, Renounce Religion, Draw Out Power, Power Leap,
Apocalypse


You escaped.
You worshipped Ru.
Ru was exalted by your worship.
You were a living statue of rough stone.
You visited 13 branches of the dungeon, and saw 63 of its levels.
You visited the Abyss 2 times.
You also visited: Trove, Bailey, Gauntlet, Ice Cave and Volcano.

You collected 9355 gold pieces.
You spent 6061 gold pieces at shops.

Inventory:

Hand Weapons
 a - the +8 pair of quick blades "Gyre" and "Gimble" (weapon) {protect}
   (You found it on level 1 of the Lair of Beasts)
 b - the +8 Vampire's Tooth {megavamp}
   (You found it on level 3 of the Crypt)
 H - the +6 Majin-Bo {spellvamp, MP+6 Int+6}
   (You found it on level 3 of the Elven Halls)

   Int+6:     It affects your intelligence (+6).
   MP+6:      It affects your magic capacity (+6).
Missiles
 Z - a throwing net
Armour
 h - a +3 troll leather armour (melded) {Snorg}
 z - the +4 cloak of Poor Excuses (worn) {Int+3}
   (You found it on level 6 of the Dungeon)

   Int+3:     It affects your intelligence (+3).
Magical Staves
 T - a staff of alchemy
Jewellery
 c - the ring of Absolutism {*Slow rF+ AC+4 Int+6}
   (You found it on level 5 of the Pits of Slime)

   [ring of protection]

   AC+4:      It affects your AC (+4).
   Int+6:     It affects your intelligence (+6).
   rF+:       It protects you from fire.
   *Slow:     It may slow you when you take damage.
 g - the ring "Tostrul" {rElec rCorr SInv}
   (You found it on level 3 of the Crypt)

   [ring of resist corrosion]

   rElec:     It insulates you from electricity.
   SInv:      It lets you see invisible.
   rCorr:     It protects you from acid and corrosion.
 p - the ring of Asceticism {rElec Will+ rCorr Int-2}
   (You found it on level 3 of the Vaults)

   [ring of willpower]

   Int-2:     It affects your intelligence (-2).
   rElec:     It insulates you from electricity.
   Will+:     It increases your willpower.
   rCorr:     It protects you from acid and corrosion.
 s - the ring "Heusepn" (right fist) {rF+ rC+ Dex+3 Slay+2}
   (You found it on level 3 of the Vaults)

   [ring of protection from fire]

   Dex+3:     It affects your dexterity (+3).
   Slay+2:    It affects your accuracy & damage with ranged weapons and melee
   (+2).
   rF+:       It protects you from fire.
   rC+:       It protects you from cold.
 v - the ring of Ihyck {rF+ rC+}
   (You found it on level 5 of the Pits of Slime)

   [ring of protection from cold]

   rF+:       It protects you from fire.
   rC+:       It protects you from cold.
 y - the ring "Lilletil" (left fist) {rC+ rN+ MP+9 AC+4 Str-4}
   (You found it on level 7 of Tartarus)

   [ring of protection]

   AC+4:      It affects your AC (+4).
   Str-4:     It affects your strength (-4).
   rC+:       It protects you from cold.
   rN+:       It protects you from negative energy.
   MP+9:      It affects your magic capacity (+9).
 A - the ring of the Mage {Wiz Archmagi}
   (You found it in a Gauntlet)

   [ring of wizardry]

   Wiz:       It improves your spell success rate.
   Archmagi:  It increases the power of your magical spells.
 N - an amulet of regeneration (around neck)
 O - the ring "Botul" {Will+ MP+9}
   (You acquired it in an ice cave)

   [ring of willpower]

   Will+:     It increases your willpower.
   MP+9:      It affects your magic capacity (+9).
Talismans
 u - a maw talisman
 J - a granite talisman (active)
Wands
 r - a wand of mindburst (64)
 B - a wand of quicksilver (23)
 D - a wand of iceblast (70)
 F - a wand of charming (58)
 Y - a wand of digging (32)
Scrolls
 e - 35 scrolls of teleportation
 f - 10 scrolls of amnesia
 j - 12 scrolls of blinking
 k - a scroll of revelation
 o - 6 scrolls of summoning
 t - 8 scrolls of fog
 w - 6 scrolls of fear
 L - a scroll of silence
 W - 11 scrolls of poison
Potions
 i - 7 potions of heal wounds
 l - 10 potions of invisibility
 m - 12 potions of brilliance
 x - 22 potions of curing
 C - 7 potions of enlightenment
 E - a potion of mutation
 I - 5 potions of haste
 K - 8 potions of resistance
 M - 10 potions of cancellation
 Q - 10 potions of magic
 S - 12 potions of lignification
 V - 10 potions of attraction
Miscellaneous
 d - a phantom mirror (inert)
 n - a phial of floods
 G - a box of beasts (inert)
 P - the horn of Geryon (inert)
 U - a tin of tremorstones (inert)
 X - a lightning rod (4/4)


   Skills:
 + Level 26.2 Fighting
 - Level 14.0 Short Blades
 - Level 6.8 Axes
 + Level 19.0 Dodging
 - Level 7.0 Stealth
 - Level 10.1 Spellcasting
 - Level 2.0 Conjurations
 - Level 6.1 Hexes
 - Level 3.7 Summonings
 - Level 10.8 Translocations
 - Level 4.7 Fire Magic
 - Level 8.2 Air Magic
 - Level 14.5 Alchemy
 - Level 11.0 Evocations
 O Level 27 Shapeshifting


You had 2 spell levels left.
You knew the following spells:

 Your Spells              Type           Power      Damage    Failure   Level
a - Passage of Golubria   Tloc           65%        N/A       1%          4
b - Apportation           Tloc           100%       N/A       1%          1
c - Mephitic Cloud        Conj/Alch/Air  56%        N/A       1%          3
d - Eringya's Noxious Bo  Alch           37%        4d6       4%          6
e - Blink                 Tloc           100%       N/A       1%          2
f - Sticky Flame          Fire/Alch      61%        2d10      2%          4
g - Vhi's Electric Charg  Tloc/Air       100%       N/A       2%          4
h - Ignite Poison         Fire/Alch      61%        N/A       2%          4
i - Alistair's Intoxicat  Alch           50%        N/A       1%          5
j - Swiftness             Air            55%        N/A       1%          3
k - Yara's Violent Unrav  Hex/Alch       31%        3d13      4%          5
l - Lesser Beckoning      Tloc           100%       N/A       1%          2

Your spell library contained the following spells:

 Spells                   Type           Power      Damage    Failure   Level
 Shock                    Conj/Air       100%       1d9       1%          1
 Slow                     Hex            100%       N/A       1%          1
 Sting                    Conj/Alch      100%       1d9       1%          1
 Cigotuvi's Dreadful Rot  Necr/Alch/Air  100%       N/A       1%          2
 Jinxbite                 Hex            94%        N/A       1%          2
 Mercury Vapours          Alch/Air       100%       N/A       1%          2
 Momentum Strike          Conj/Tloc      98%        3d10      1%          2
 Passwall                 Alch/Erth      43%        N/A       1%          2
 Summon Small Mammal      Summ           100%       N/A       2%          1
 Static Discharge         Conj/Air       82%        3-7/arc   2%          2
 Foxfire                  Conj/Fire      100%       2x1d9     3%          1
 Call Imp                 Summ           68%        N/A       3%          2
 Ensorcelled Hibernation  Hex/Ice        60%        N/A       4%          2
 Necrotise                Necr           52%        1d6       10%         1
 Gell's Gravitas          Tloc           65%        N/A       1%          3
 Teleport Other           Tloc           65%        N/A       1%          3
 Volatile Blastmotes      Fire/Tloc      100%       2d18      1%          3
 Manifold Assault         Tloc           65%        N/A       1%          4
 Olgreb's Toxic Radiance  Alch           75%        N/A       1%          4
 Confusing Touch          Hex            47%        N/A       3%          3
 Inner Flame              Hex/Fire       43%        N/A       3%          3
 Sigil of Binding         Hex            47%        N/A       3%          3
 Tukima's Dance           Hex            47%        N/A       3%          3
 Dimensional Bullseye     Hex/Tloc       28%        N/A       3%          4
 Summon Guardian Golem    Hex/Summ       40%        N/A       4%          3
 Airstrike                Air            27%        2d(4-20)  4%          4
 Leda's Liquefaction      Alch/Erth      26%        N/A       5%          4
 Petrify                  Alch/Erth      52%        N/A       5%          4
 Dazzling Flash           Conj/Hex       72%        N/A       6%          3
 Call Canine Familiar     Summ           34%        N/A       7%          3
 Cause Fear               Hex            23%        N/A       8%          4
 Iskenderun's Mystic Bla  Conj/Tloc      49%        2d11      8%          4
 Summon Lightning Spire   Summ/Air       46%        N/A       9%          4
 Summon Forest            Summ/Tloc      26%        N/A       13%         5
 Silence                  Hex/Air        26%        N/A       14%         5
 Dispersal                Tloc           32%        N/A       17%         6
 Hailstorm                Conj/Ice       19%        3d7       19%         3
 Stone Arrow              Conj/Erth      38%        3d9       19%         3
 Frozen Ramparts          Ice            26%        1d4       26%         3
 Fugue of the Fallen      Necr           13%        N/A       26%         3
 Ozocubu's Armour         Ice            13%        N/A       26%         3
 Vampiric Draining        Necr           13%        2d6       26%         3
 Anguish                  Hex/Necr       15%        N/A       26%         4
 Arcjolt                  Conj/Air       20%        1d30      30%         5
 Summon Mana Viper        Hex/Summ       40%        N/A       32%         5
 Animate Armour           Summ/Erth      48%        N/A       38%         4
 Summon Ice Beast         Ice/Summ       24%        N/A       38%         4
 Freezing Cloud           Conj/Ice/Air   16%        6-21      50%         5
 Metabolic Englaciation   Hex/Ice        15%        N/A       54%         5
 Animate Dead             Necr           13%        N/A       63%         4
 Dispel Undead            Necr           13%        3d9       63%         4
 Plasma Beam              Fire/Air       24%        2x1d36    65%         6
 Iskenderun's Battlesphe  Conj           24%        2d8       69%         5
 Conjure Ball Lightning   Conj/Air       20%        3x3d6     83%         6
 Agony                    Necr           13%        N/A       91%         5
 Borgnjor's Vile Clutch   Necr/Erth      6%         N/A       91%         5
 Lee's Rapid Deconstruct  Erth           6%         3d6*      91%         5
 Summon Cactus Giant      Summ           17%        N/A       95%         6
 Starburst                Conj/Fire      16%        6d6       96%         6
 Malign Gateway           Summ/Tloc      26%        N/A       97%         7
 Enfeeble                 Hex            23%        N/A       99%         7
 Disjunction              Tloc           32%        N/A       99%         8
 Bombard                  Conj/Erth      9%         9d2       100%        6
 Death Channel            Necr           6%         N/A       100%        6
 Simulacrum               Ice/Necr       6%         N/A       100%        6
 Haunt                    Necr/Summ      12%        N/A       100%        7
 Ozocubu's Refrigeration  Ice            6%         4d8       100%        7
 Spellforged Servitor     Conj/Summ      14%        N/A       100%        7
 Summon Hydra             Summ           17%        N/A       100%        7
 Borgnjor's Revivificati  Necr           6%         N/A       100%        8
 Discord                  Hex            23%        N/A       100%        8
 Ignition                 Fire           19%        3d7       100%        8
 Infestation              Necr           6%         N/A       100%        8
 Lehudib's Crystal Spear  Conj/Erth      9%         10d4      100%        8
 Maxwell's Capacitive Co  Air            27%        ∞         100%        8
 Summon Horrible Things   Summ           17%        N/A       100%        8
 Death's Door             Necr           6%         N/A       100%        9
 Polar Vortex             Ice            6%         N/A       100%        9
 Shatter                  Erth           6%         3d9*      100%        9
 Sublimation of Blood     Necr           Unusable   N/A       N/A         2

Dungeon Overview and Level Annotations

Branches:
Dungeon (15/15)            Temple (0/1) D:5            Lair (5/5) D:11
 Shoals (4/4) Lair:3        Snake (4/4) Lair:3        Slime (5/5) Lair:4
    Orc (2/2) D:12            Elf (3/3) Orc:2        Vaults (5/5) D:14
  Crypt (3/3) Vaults:3       Tomb (0/3) Crypt:3      Depths (4/4) D:15
   Hell (visited)             Tar (7/7) Hell            Zot (5/5) Depths:4
 Bailey (visited)           IceCv (visited)         Volcano (visited)
Gauntlet (visited)
    Dis: Hell:1         Geh: Hell:1         Coc: Hell:1

Altars:
Elyvilon
Fedhas
Kikubaaqudgha
Makhleb
Nemelex Xobeh
Qazlal
Ru
Trog
Uskayaw
Xom
Yredelemnul
The Shining One
Jiyva

Shops:
D:7 (   Orc:1 [   Orc:2 **([   Elf:1 *   Elf:3 ?   Snake:1 ?   Snake:4 !
Vaults:3 [   Vaults:5 ?!   Depths:1 !   Depths:4 *

Portals:
Hell: Depths:1 Depths:2 Depths:3 Depths:4
Abyss: Depths:1 Depths:3
Pandemonium: Depths:2
Ziggurat: Depths:1

Annotations:
D:1 1 transporter
D:5 1 runed translucent door, bungle's ghost, amateur GnDe
D:7 3 runed translucent doors, kd29's ghost, novice OpSh
D:8 exclusion: 2 oklob saplings
D:10 1 runed translucent door, soberseth's ghost, journeyman MiFi
D:13 1 transporter, Laraso's ghost, journeyman OnCA
D:14 2 runed translucent doors, exclusion: orange crystal statue
Lair:1 3 runed translucent doors, soul19's ghost, journeyman GnIE
Elf:1 3 runed translucent doors, Facewke's ghost, adept HuAE
Depths:1 exclusion: orange crystal statue
Zot:5 2 transporters, 1 exclusion


Innate Abilities, Weirdness & Mutations

You are a living statue of rough stone.
Your actions are slow, but your melee attacks are powerful.
You are resistant to unholy torment.
Your maximum health is greatly increased.
Your equipment is partially melded.
You are too large for most types of armour.
You are immune to poison.
You have a pair of small horns on your head.
Your magical capacity is extremely low. (-30% MP)
((You have tough skin. (AC +1)))
Your cowardice makes you less effective in combat with threatening foes.
You are slightly weak-willed. (Will-)
You are somewhat unskilled. (-1 Apt)
You are somewhat inexperienced. (-1 XL)
You gain doubled healing and magic from potions.
Whenever you drink a healing potion, you attack all around you.
((You are partially covered in iridescent scales. (AC +2)))
You have a somewhat thin skeletal structure. (Dex +2, Stealth+)
Armour fits poorly on your strangely shaped body.
You are dopey. (Int -2)
Your system is resistant to poisons. (rPois)
Your spells are a little harder to cast, but a little more powerful.


Message History

You hit the large abomination but do no damage.
You headbutt the large abomination, but do no damage.
The large abomination is severely damaged.
The large abomination hits you but does no damage.
You hit the large abomination.
You headbutt the large abomination, but do no damage.
You puncture the large abomination! You headbutt the large abomination.
You destroy the large abomination!
There is a stone staircase leading up here.
You climb upwards.
Magic restored.
There is a stone staircase leading down here.
What level of the Dungeon? (default 1 @ (x,y), ? - help) Sorry, I don't know how to get there.
There is a stone staircase leading up here.
You climb upwards.
There is a stone staircase leading down here.
As you read the scroll of revelation, it crumbles to dust.
You feel aware of your surroundings.
You sensed 1 altar.
Found a throwing net.
What level of the Dungeon? (default 1 @ (x,y), ? - help)
Found a stone staircase leading down.
There is a stone staircase leading up here.
You climb upwards.
There is a stone staircase leading down here.
A smoke demon comes into view.
The smoke demon is stunned by your conviction and fails to attack.
You hit the smoke demon.
Your weapon exudes an aura of protection.
You headbutt the smoke demon. You hit the smoke demon.
You headbutt the smoke demon! You hit the smoke demon.
You headbutt the smoke demon. You hit the smoke demon.
You kill the smoke demon!
No target in view!
What level of the Dungeon? (default 1, ? - help)
There is a stone staircase leading up here.
You climb upwards.
Level annotation: 1 transporter
There is a stone staircase leading down here.
There is a staircase leading out of the dungeon here.
You have escaped!

...# #..............#.# ...#
#..............#.# ...#
##..............#.#
...####...............#.#
...#.........#........#.#
...#.##....###..........#
...#.#.......#.#.##.#####
...#.#..#....##.#.#.#
#..#.#..#....###8#..#
#..#.#.......##©#.###
#..#.#..##########.# ####
#..#.#....########## #...
#..#.#......©##....#
#########.##
#..#.#.......##....# #......##.#
#..#.#.......##....# #........>#
.###.#...#....#....###......####
...#.##.....................#


There were no monsters in sight!

Vanquished Creatures
  Dissolution (Slime:3)
  the Royal Jelly (Slime:5)
  Ereshkigal (Tar:7)
  4 dread liches
  5 orbs of fire
  7 ancient liches
  Mennas (Crypt:1)
  Mara (Snake:4)
  5 juggernauts (Tar:3)
  Sojobo (Crypt:1)
  Vv (Zot:3)
  2 Killer Klowns
  A curse toe (Zot:3)
  A caustic shrike (Depths:2)
  Saint Roka (Vaults:4)
  Vashnia (Snake:2)
  Geryon (Hell)
  Margery (Crypt:1)
  Nikola (Shoals:1)
  Jory (Vaults:4)
  3 profane servitors
  10 golden dragons
  the Enchantress (Depths:3)
  Norris (Depths:2)
  36 bone dragons
  13 Tzitzimimeh
  2 Brimstone Fiends
  2 electric golems
  17 doom hounds
  An Ice Fiend (Depths:1)
  A walking crystal tome (Depths:2)
  3 deep elf blademasters
  26 tentacled monstrosities
  A spectral shard shrike (Tar:5)
  3 iron giants (Tar:3)
  25 Orb Guardians
  7 liches
  Asterion (Depths:1)
  13 tainted leviathans
  2 walking earthen tomes (Depths:2)
  Mlioglotl (Snake:3)
  A walking frostbound tome (Depths:2)
  13 titans
  A searing wretch (Crypt:1)
  2 pandemonium lords
  8 quicksilver dragons
  7 sphinxes
  A walking divine tome (Depths:2)
  2 deep elf master archers (Elf:3)
  Frances (Shoals:2)
  16 acid blobs
  8 death cobs
  5 tentacled starspawn (Abyss:3)
  16 storm dragons
  2 ancient champions (Crypt:1)
  Agnes (Snake:1)
  A storm dragon (shapeshifter) (Depths:3)
  7 tengu reavers
  Kirke (Lair:4)
  Donald (Shoals:1)
  10 shadow dragons
  13 azure jellies
  2 nagarajas (Snake:4)
  10 rockslimes
  A revenant (Abyss:3)
  4 draconian shifters
  14 frost giants
  12 draconian knights
  A protean progenitor (Zot:4)
  Aizul (Snake:3)
  14 fire giants
  An iron dragon (shapeshifter) (Depths:3)
  2 draconian monks
  26 vault wardens
  13 deep elf sorcerers
  A caustic shrike zombie (Hell)
  2 balrugs
  4 ghost moths
  6 iron dragons
  15 reapers
  A ghoul (Vaults:3)
  Louise (Depths:1)
  2 spectral juggernauts (Tar:2)
  5 deep elf elementalists (Elf:3)
  A cacodemon (Hell)
  10 draconian scorchers
  An orc warlord (Orc:2)
  3 curse skulls
  4 draconian stormcallers
  11 stone giants
  12 formless jellyfish
  A juggernaut zombie (Hell)
  23 ironbound preservers
  7 draconian annihilators
  17 very ugly things
  3 spriggan defenders (Depths:3)
  9 war gargoyles
  5 quicksilver oozes
  2 caustic shrike skeletons
  9 ironbound thunderhulks
  6 green draconians
  8 vampire knights
  7 deep elf death magi
  4 deep elf demonologists (Elf:3)
  9 purple draconians
  13 putrid mouths
  12 black draconians
  2 spectral titans (Tar:5)
  7 white draconians
  20 deep elf annihilators
  16 dire elephants
  2 bunyips (Zot:5)
  12 red draconians
  A lorocyproca (Depths:3)
  A minotaur (Gauntlet)
  9 yellow draconians
  Azrael (Elf:1)
  4 spark wasps
  4 blizzard demons
  A spark wasp (shapeshifter) (Depths:3)
  24 eidola
  2 crystal guardians (Vaults:3)
  2 spectral quicksilver dragons
  A green death (D:9)
  9 merfolk impalers (Shoals:4)
  Snorg (Lair:4)
  10 ettins
  2 fire dragons
  7 merfolk javelineers
  13 yaktaur captains
  2 spriggan zombies
  5 spectral spriggans
  10 great orbs of eyes
  8 deep elf high priests
  11 jiangshi
  2 entropy weavers (Vaults:1)
  A hydra (shapeshifter) (Depths:4)
  A quicksilver dragon skeleton (Crypt:2)
  A spectral shadow dragon (Crypt:2)
  3 rakshasas
  2 peacekeepers
  3 hydras
  8 ice dragons
  38 vault guards
  8 salamander tyrants
  2 hell beasts (Crypt:2)
  4 ogre magi
  4 juggernaut simulacra (Depths:3)
  An Orb Guardian zombie (Crypt:1)
  7 ironbound frosthearts
  2 jorogumos (Zot:4)
  2 merfolk avatars
  A fenstrider witch zombie (Crypt:3)
  4 spriggan air magi
  A sphinx zombie (Vaults:3)
  3 death knights
  An anaconda (shapeshifter) (Vaults:2)
  6 merfolk aquamancers
  4 centaur warriors
  3 satyrs
  7 boulder beetles
  28 dancing weapons
  A spectral stone giant (Tar:1)
  A catoblepas (Lair:3)
  14 anacondas
  A death yak (Lair:4)
  6 two-headed ogres
  8 tengu warriors
  11 deep troll shamans
  10 deep troll earth magi
  3 occultists
  13 vampire magi
  10 naga warriors
  A demonic crawler (Zot:2)
  7 hell hogs
  2 orc high priests
  A shock serpent (shapeshifter) (Vaults:5)
  A spriggan berserker (Depths:2)
  A titan zombie (Crypt:1)
  10 thrashing horrors
  A spectral storm dragon (Tar:1)
  9 shock serpents
  2 spectral dire elephants
  Amaemon (Lair:3)
  9 soul eaters
  30 hell knights
  7 iron trolls
  42 skeletal warriors
  5 sun demons
  14 naga sharpshooters
  8 skysharks
  8 wretched stars (Abyss:3)
  21 deep elf knights
  5 glowing orange brains
  A fire crab (shapeshifter) (Depths:3)
  A storm dragon skeleton (D:15)
  9 spatial maelstroms
  5 anaconda zombies (Snake:2)
  20 shadow wraiths
  A sixfirhy (D:9)
  A bunyip zombie (Crypt:3)
  9 salamander mystics
  A quicksilver dragon simulacrum (Depths:3)
  19 sea snakes
  A spectral hydra (Crypt:2)
  3 spectral anacondas (Snake:2)
  18 large abominations
  A sea snake (shapeshifter) (Depths:2)
  6 naga ritualists
  59 deep trolls
  2 spriggan simulacra
  21 ironbound convokers
  14 phantasmal warriors
  A harpy (shapeshifter) (D:14)
  A bunyip skeleton (Hell)
  An orange crystal statue (Zot:5)
  14 lindwurms
  19 deep elf archers
  8 flayed ghosts
  11 harpies
  5 arcanists
  A mana viper (shapeshifter) (Depths:3)
  28 deep elf zephyrmancers
  17 mana vipers
  An iron dragon zombie (Crypt:2)
  2 anaconda skeletons (Snake:2)
  A faun (shapeshifter) (Vaults:5)
  3 spectral ettins
  40 ugly things
  27 deep elf pyromancers
  A shadow dragon skeleton (Vaults:3)
  6 orc knights
  6 orc sorcerers
  14 necromancers
  A spectral fire dragon (Tar:1)
  18 manticores
  A frost giant zombie (Vaults:2)
  A stone giant zombie (Vaults:3)
  6 shining eyes
  An alligator zombie (Hell)
  A spectral centaur (Crypt:2)
  31 salamanders
  Maurice (D:8)
  21 moths of wrath
  A glowing shapeshifter (Depths:3)
  7 cyclopes
  4 worldbinders
  7 fauns
  8 merfolk sirens
  5 water nymphs
  A dire elephant zombie (Crypt:1)
  A stone giant skeleton (Crypt:3)
  5 guardian serpents
  A titan simulacrum (Abyss:3)
  7 rust devils (Hell)
  3 iron dragon skeletons
  A naga zombie (Crypt:3)
  2 elephants (shapeshifter)
  6 kobold blastminers (Orc:2)
  18 vault sentinels
  20 naga magi
  3 ice statues (IceCv)
  6 elephants
  29 black mambas
  2 centaur zombies (Hell)
  2 water nymphs (shapeshifter)
  2 eyes of devastation (Slime:5)
  12 smoke demons
  An unseen horror (D:12)
  6 gargoyles
  An alligator snapping turtle zombie (Crypt:2)
  A white draconian zombie (Crypt:2)
  14 cane toads
  2 torpor snails (Lair:4)
  2 hellions (Abyss:4)
  6 orange demons
  A torpor snail (shapeshifter) (Depths:3)
  A rime drake (D:11)
  7 centaur skeletons
  A kobold demonologist (D:13)
  A bunyip simulacrum (Crypt:1)
  4 komodo dragons
  12 tormentors
  A grey draconian zombie (Crypt:1)
  An alligator snapping turtle skeleton (Crypt:3)
  2 efreet
  3 ice devils
  6 freezing wraiths
  A golden dragon simulacrum (Depths:3)
  38 yaktaurs
  5 ancient zymes (Abyss:3)
  3 spectral nagas
  6 anaconda simulacra
  A spectral harpy (Tar:4)
  4 tengu conjurers
  A hydra zombie (Hell)
  A yaktaur skeleton (Vaults:3)
  3 trolls
  3 harpy zombies
  3 red devils
  A catoblepas skeleton (Crypt:2)
  2 silent spectres
  A polar bear (shapeshifter) (Abyss:3)
  A hornet (D:8)
  A tarantella (Vaults:1)
  12 polar bears
  17 raiju
  8 wind drakes
  A wind drake (shapeshifter) (Depths:4)
  4 harpy skeletons
  12 merfolk
  A moth of wrath zombie (Crypt:2)
  An alligator simulacrum (Hell)
  18 dream sheep
  A hydra skeleton (Crypt:3)
  5 blink frogs (Lair:1)
  2 glass eyes
  Prince Ribbit (D:5)
  An ettin zombie (Hell)
  A radroach zombie (Crypt:2)
  A raiju (shapeshifter) (Abyss:3)
  2 human simulacra
  10 snapping turtles
  104 slime creatures
  2 frost giant simulacra
  An air elemental (Elf:3)
  A culicivora (shapeshifter) (D:15)
  A black mamba zombie (Crypt:1)
  A centaur simulacrum (D:14)
  3 spriggans (Depths:3)
  3 spriggan skeletons
  A yak (shapeshifter) (Depths:3)
  A ynoxinul (Abyss:3)
  An ice dragon skeleton (Crypt:2)
  2 vampires (Crypt:3)
  31 yaks
  4 shadows
  2 ettin skeletons
  5 fire elementals
  4 wyverns
  A black mamba skeleton (Crypt:3)
  A human (shapeshifter) (D:15)
  10 water elementals
  8 wraiths
  2 dire elephant simulacra (IceCv)
  4 basilisks
  A hog (Lair:3)
  Grum (D:8)
  4 vampire mosquitoes
  A human (D:14)
  11 wargs
  A death yak simulacrum (IceCv)
  3 neqoxecs
  A steam dragon (D:6)
  An elf simulacrum (Vaults:1)
  2 redbacks (Vaults:1)
  An alligator snapping turtle simulacrum (Hell)
  A harpy simulacrum (Crypt:2)
  3 chaos spawn
  40 nagas
  A swamp worm (shapeshifter) (Vaults:5)
  2 swamp worms (Gauntlet)
  An elf skeleton (Vaults:4)
  12 small abominations
  10 spatial vortices (Abyss:4)
  12 water moccasins
  21 hell hounds
  2 naga skeletons
  2 sky beasts
  4 ice beasts
  40 orc warriors
  7 ogres
  A swamp drake (Lair:3)
  15 black bears
  A swamp dragon zombie (Crypt:3)
  3 human zombies
  An oni (shapeshifter) (Vaults:5)
  18 wolves
  A boggart (Vaults:4)
  21 laughing skulls
  7 centaurs
  5 elf zombies (Elf:1)
  A salamander zombie (Crypt:2)
  5 kobold brigands
  3 human skeletons
  Blork the orc (D:5)
  10 bullfrogs
  An earth elemental (Elf:2)
  A gnoll sergeant (D:5)
  5 scorpions
  A warg skeleton (Crypt:2)
  A cane toad simulacrum (IceCv)
  8 wights
  3 electric eels
  2 hounds
  A basilisk zombie (Crypt:2)
  10 jellies
  2 gnoll boudas
  2 iron imps (Abyss:3)
  28 orc priests
  27 starcursed masses (Abyss:3)
  6 iguanas
  A sleepcap (D:8)
  25 orc wizards
  5 hell rats (Lair:5)
  A killer bee zombie (Crypt:1)
  A polar bear simulacrum (IceCv)
  A wolf simulacrum (IceCv)
  A brain worm zombie (Crypt:1)
  21 gnolls
  10 adders
  An adder (shapeshifter) (Depths:3)
  3 bombardier beetles
  13 white imps
  An ufetubus (Vaults:1)
  An iguana skeleton (Crypt:1)
  2 worms
  A dart slug (D:1)
  94 orcs
  3 bats
  7 endoplasms
  23 goblins
  9 hobgoblins
  5 quokkas
  12 ball pythons
  9 frilled lizards
  A frilled lizard skeleton (Crypt:2)
  A giant cockroach zombie (Crypt:1)
  28 kobolds
  8 rats
  5 starspawn tentacles (Abyss:3)
2978 creatures vanquished.

Vanquished Creatures (collateral kills)
  An ancient lich (Vaults:5)
  An iron giant (Tar:3)
  A tainted leviathan (Tar:7)
  A tentacled monstrosity (Zot:5)
  A titan (Tar:3)
  A frost giant (Tar:3)
  A putrid mouth (Tar:7)
  An ugly thing (IceCv)
  A shining eye (Slime:3)
  A yak (Lair:1)
  3 kobolds (D:10)
13 creatures vanquished.

Vanquished Creatures (others)
  An ancient lich (Tar:7)
  A pandemonium lord (Zot:2)
  Bai Suzhen (Snake:3)
  2 bone dragons (Tar:7)
  4 doom hounds
  3 tentacled monstrosities
  A lich (Zot:2)
  Roxanne (Snake:3)
  Ilsuiw (Shoals:3)
  A draconian knight (Zot:1)
  A draconian scorcher (Depths:4)
  A vault warden (Vaults:5)
  An ironbound preserver (Vaults:5)
  A war gargoyle (Crypt:3)
  A ghoul (Crypt:1)
  A spriggan defender (Depths:2)
  2 stone giants
  A vampire knight (Crypt:2)
  A deep elf death mage (Vaults:5)
  2 yellow draconians
  2 purple draconians
  A red draconian (Zot:1)
  A yaktaur captain (Vaults:5)
  A spectral stone giant (Crypt:2)
  A naga warrior (Snake:2)
  A thrashing horror (Abyss:4)
  A dancing weapon (Elf:2)
  A hell knight (Crypt:3)
  A skyshark (Shoals:1)
  A skeletal warrior (Crypt:3)
  A spectral anaconda (Snake:2)
  A phantasmal warrior (Crypt:1)
  A deep elf pyromancer (Elf:2)
  A deep elf zephyrmancer (Elf:3)
  A manticore (D:12)
  A black mamba (Snake:4)
  A gargoyle (D:14)
  An unseen horror (shapeshifter) (D:15)
  A tormentor (Hell)
  A freezing wraith (Hell)
  A harpy zombie (Abyss:4)
  A slime creature (D:12)
  A spatial vortex (Abyss:4)
  An orc warrior (Bailey)
  A wolf (Lair:5)
  2 orc priests
  An orc wizard (Orc:2)
  An orc (Orc:2)
  17 ball lightnings (Zot:2)
  A butterfly (D:5)
  A lurking horror (Abyss:3)
  6 starspawn tentacles (Abyss:3)
83 creatures vanquished.

Grand Total: 3074 creatures vanquished

Notes
Turn   | Place    | Note
-------+----------+-------------------------------------------
     0 | D:1      | RBrandon the Oni Alchemist began the quest for the Orb.
     0 | D:1      | Reached XP level 1. HP: 16/16 MP: 3/3
   389 | D:1      | Reached XP level 2. HP: 20/24 MP: 3/6
   422 | D:1      | Learned a level 2 spell: Mercury Vapours
  1216 | D:2      | Reached XP level 3. HP: 29/31 MP: 4/8
  1678 | D:2      | Reached skill level 1 in Conjurations
  1736 | D:2      | Learned a level 3 spell: Mephitic Cloud
  1816 | D:2      | Identified the +1 robe of the Grinning Gods {Str+2}
  1869 | D:2      | Reached XP level 4. HP: 39/39 MP: 7/10
  2048 | D:2      | Reached skill level 1 in Air Magic
  2268 | D:2      | Learned a level 2 spell: Static Discharge
  2701 | D:3      | You fall into a shaft and drop 2 floors!
  2701 | D:5      | Entered Level 5 of the Dungeon
  2707 | D:5      | Found a sparkling altar of Nemelex Xobeh.
  2707 | D:5      | Noticed Blork the orc
  2819 | D:4      | Reached XP level 5. HP: 31/45 MP: 2/11
  2892 | D:4      | Learned a level 4 spell: Olgreb's Toxic Radiance
  3013 | D:4      | Found a sacrificial altar of Ru.
  3039 | D:4      | Became a worshipper of Ru the Awakened
  3493 | D:4      | Reached XP level 6. HP: 50/53 MP: 9/12
  3523 | D:4      | Found a burning altar of Makhleb.
  3829 | D:4      | Reached skill level 5 in Alchemy
  3830 | D:4      | Reached XP level 7. HP: 20/59 MP: 8/13
  4128 | D:4      | Found an ancient bone altar of Kikubaaqudgha.
  4275 | D:5      | Killed Blork the orc
  4334 | D:5      | Found a basalt altar of Yredelemnul.
  4438 | D:5      | Found a staircase to the Ecumenical Temple.
  4653 | D:5      | Gained mutation: You are slightly weak-willed. (Will-) [Ru
                  | sacrifice]
  4653 | D:5      | Reached * piety under Ru
  5063 | D:5      | Found a runed translucent door.
  5080 | D:5      | Found a white marble altar of Elyvilon.
  5101 | D:5      | Reached XP level 8. HP: 67/67 MP: 9/15
  5144 | D:5      | Noticed Prince Ribbit
  5152 | D:5      | Killed Prince Ribbit
  5153 | D:5      | Reached skill level 5 in Spellcasting
  5158 | D:5      | Learned a level 4 spell: Sticky Flame
  5465 | D:5      | Noticed bungle's ghost (amateur GnDe)
  5521 | D:6      | Reached skill level 1 in Fire Magic
  5607 | D:6      | Noticed a two-headed ogre
  5625 | D:6      | Killed a two-headed ogre
  5626 | D:6      | Reached skill level 5 in Fire Magic
  5626 | D:6      | Reached XP level 9. HP: 74/74 MP: 5/17
  5744 | D:6      | Reached skill level 1 in Fighting
  6168 | D:6      | Reached skill level 5 in Fighting
  6292 | D:6      | Identified the +4 cloak of Poor Excuses {Int+3}
  7162 | D:7      | Noticed a troll
  7174 | D:7      | Found a runed translucent gate.
  7176 | D:7      | Found a runed translucent gate.
  7177 | D:7      | Found a runed translucent gate.
  7205 | D:7      | Found a bloodstained altar of Trog.
  7581 | D:7      | Noticed kd29's ghost (novice OpSh)
  7642 | D:7      | Found Jon Arucw's Weapon Boutique.
  7944 | D:7      | Killed a troll
  7945 | D:7      | Reached skill level 10 in Fighting
  7945 | D:7      | Reached XP level 10. HP: 105/111 MP: 7/18
  8170 | D:8      | Gained mutation: You are somewhat inexperienced. (-1 XL)
                  | [Ru sacrifice]
  8170 | D:8      | Reached XP level 9. HP: 105/105 MP: 14/17
  8170 | D:8      | Reached ** piety under Ru
  8170 | D:8      | Reached *** piety under Ru
  8386 | D:8      | Found a shimmering altar of Xom.
  8388 | D:8      | Noticed Grum
  8396 | D:8      | Killed Grum
  8673 | D:8      | Noticed Maurice
  8705 | D:8      | Something stole a +6 ring of strength
  8707 | D:8      | Maurice stole a +1 heavy hand axe
  8708 | D:8      | Killed Maurice
  9713 | D:8      | Reached skill level 5 in Dodging
  9717 | D:8      | Got Sif Muna's Papyrus of Nature
  9826 | D:9      | Reached XP level 10. HP: 73/117 MP: 10/18
 10414 | D:9      | Found a blossoming altar of Fedhas.
 10564 | D:9      | Learned a level 3 spell: Call Canine Familiar
 10564 | D:9      | Gained mutation: Your cowardice makes you less effective in
                  | combat with threatening foes. [Ru sacrifice]
 10564 | D:9      | Reached **** piety under Ru
 10652 | D:9      | Found a hide-covered altar of Uskayaw.
 10855 | D:9      | Found a glowing golden altar of the Shining One.
 10900 | D:10     | Entered Level 10 of the Dungeon
 10902 | D:10     | Reached skill level 1 in Summonings
 10936 | D:10     | Found a runed translucent door.
 10936 | D:10     | Noticed soberseth's ghost (journeyman MiFi)
 10957 | D:10     | Noticed a two-headed ogre
 10969 | D:10     | Killed a two-headed ogre
 10988 | D:10     | Found a flagged portal.
 10997 | Bailey   | Entered a bailey
 11476 | Bailey   | Found an iron altar of Okawaru.
 11477 | Bailey   | Noticed an orc high priest
 11478 | Bailey   | Noticed an orc sorcerer
 11487 | Bailey   | Killed an orc sorcerer
 11490 | Bailey   | Noticed a sun demon
 11490 | Bailey   | Killed an orc high priest
 12306 | D:10     | Found a stormy altar of Qazlal.
 12713 | D:11     | Noticed a two-headed ogre
 12744 | D:11     | Noticed a manticore
 12761 | D:11     | Killed a two-headed ogre
 12765 | D:11     | Killed a manticore
 13329 | D:11     | Found a staircase to the Lair.
 13373 | D:11     | Reached XP level 11. HP: 117/130 MP: 10/19
 13513 | D:11     | Reached skill level 1 in Axes
 13926 | D:11     | Noticed a two-headed ogre
 13938 | D:11     | Killed a two-headed ogre
 13940 | D:11     | Gained mutation: You are somewhat unskilled. (-1 Apt) [Ru
                  | sacrifice]
 13940 | D:11     | Reached ***** piety under Ru
 14318 | Lair:1   | Entered Level 1 of the Lair of Beasts
 14319 | Lair:1   | Upgraded the game from 0.31-a0-1370-gf52a5a9ab3 to
                  | 0.31-a0-1388-g4b2ba238e7
 14801 | Lair:1   | Found a runed translucent gate.
 14802 | Lair:1   | Found a runed translucent gate.
 14806 | Lair:1   | Found a runed translucent gate.
 14867 | Lair:1   | Reached skill level 5 in Axes
 15308 | Lair:1   | Found the +8 pair of quick blades "Gyre" and "Gimble"
                  | {protect}
 15459 | Lair:1   | Noticed soul19's ghost (journeyman GnIE)
 15472 | Lair:1   | Reached skill level 1 in Short Blades
 16712 | Lair:2   | Noticed a four-headed hydra
 16719 | Lair:2   | Killed a four-headed hydra
 17221 | Lair:3   | Found a frozen archway.
 17241 | Lair:3   | Reached skill level 5 in Short Blades
 17270 | Lair:3   | Reached XP level 12. HP: 63/123 MP: 11/20
 17352 | IceCv    | Entered an ice cave
 17625 | IceCv    | Gained mutation: You are robust. (+10% HP) [potion of
                  | mutation]
 17625 | IceCv    | Gained mutation: You have an increased reservoir of magic.
                  | (+10% MP) [potion of mutation]
 17625 | IceCv    | Gained mutation: Your health recovers twice as slowly from
                  | being drained. [potion of mutation]
 17625 | IceCv    | Gained mutation: You have large cloven feet. [potion of
                  | mutation]
 17826 | IceCv    | Lost mutation: You are robust. (+10% HP) [potion of
                  | mutation]
 17826 | IceCv    | Lost mutation: You have large cloven feet. [potion of
                  | mutation]
 17826 | IceCv    | Gained mutation: You are vulnerable to cold. (rC-) [potion
                  | of mutation]
 17826 | IceCv    | Gained mutation: You have a considerably increased
                  | reservoir of magic. (+20% MP) [potion of mutation]
 17826 | IceCv    | Gained mutation: You are agile. (Dex +4, Str/Int -1)
                  | [potion of mutation]
 17827 | IceCv    | Lost mutation: You are vulnerable to cold. (rC-) [potion of
                  | mutation]
 17827 | IceCv    | Lost mutation: You are agile. (Dex +4, Str/Int -1) [potion
                  | of mutation]
 17827 | IceCv    | Gained mutation: Your movements are slightly less
                  | encumbered by armour. (ER -2) [potion of mutation]
 17828 | IceCv    | Lost mutation: Your health recovers twice as slowly from
                  | being drained. [potion of mutation]
 17828 | IceCv    | Lost mutation: You have a considerably increased reservoir
                  | of magic. (+20% MP) [potion of mutation]
 17828 | IceCv    | Gained mutation: Your system is resistant to poisons.
                  | (rPois) [potion of mutation]
 17828 | IceCv    | Gained mutation: You are partially covered in iridescent
                  | scales. (AC +2) [potion of mutation]
 17828 | IceCv    | Gained mutation: You are agile. (Dex +4, Str/Int -1)
                  | [potion of mutation]
 18083 | Lair:3   | Noticed Amaemon
 18094 | Lair:3   | Killed Amaemon
 18863 | Lair:3   | Found a staircase to the Snake Pit.
 18885 | Lair:3   | Found a staircase to the Shoals.
 19079 | Lair:4   | Noticed Kirke
 19110 | Lair:4   | Noticed Snorg
 19193 | Lair:4   | Killed Snorg
 19330 | Lair:4   | Found a staircase to the Slime Pits.
 19330 | Lair:4   | Found a viscous altar of Jiyva.
 19455 | Lair:4   | Killed Kirke
 19545 | Lair:4   | Reached skill level 10 in Short Blades
 19975 | Lair:5   | Entered Level 5 of the Lair of Beasts
 20068 | Lair:5   | Found a dark tunnel.
 20077 | Volcano  | Entered a volcano
 20139 | Volcano  | Reached XP level 13. HP: 141/141 MP: 23/23
 20150 | Volcano  | Identified the +2 helmet of Lovayss {-Cast Will+ Dex+6}
 20953 | Lair:5   | Lost mutation: You have an increased reservoir of magic.
                  | (+10% MP) [Ru sacrifice]
 20953 | Lair:5   | Gained mutation: Your magical capacity is low. (-10% MP)
                  | [Ru sacrifice]
 20953 | Lair:5   | Reached ****** piety under Ru
 21030 | Lair:5   | Noticed a dire elephant
 21252 | Lair:5   | Killed a dire elephant
 21586 | Lair:5   | Learned a level 4 spell: Ignite Poison
 21592 | Lair:5   | Learned a level 5 spell: Alistair's Intoxication
 21945 | D:12     | Found a staircase to the Orcish Mines.
 22127 | D:12     | Reached skill level 10 in Spellcasting
 22153 | D:12     | Learned a level 6 spell: Eringya's Noxious Bog
 22474 | Orc:1    | Entered Level 1 of the Orcish Mines
 22539 | Orc:1    | Found Caergh's Armour Boutique.
 22722 | Orc:2    | Entered Level 2 of the Orcish Mines
 22722 | Orc:2    | Found a bloodstained altar of Trog.
 23086 | Orc:2    | Found Loinij's Assorted Antiques.
 23091 | Orc:2    | Bought a potion of haste for 340 gold pieces
 23171 | Orc:2    | Found Neuchepp's Assorted Antiques.
 23189 | Orc:2    | Bought a potion of haste for 210 gold pieces
 23189 | Orc:2    | Bought a phantom mirror for 840 gold pieces
 23189 | Orc:2    | Bought an encrusted iron wand for 84 gold pieces
 23328 | Orc:2    | Found a staircase to the Elven Halls.
 23517 | Orc:2    | Noticed an orc warlord
 23529 | Orc:2    | Reached XP level 14. HP: 106/150 MP: 12/25
 23541 | Orc:2    | Killed an orc warlord
 23572 | Orc:2    | Found Doemek's Antique Armour Shoppe.
 23581 | Orc:2    | Found Cunecoca's Antique Weapon Emporium.
 24568 | D:13     | Reached skill level 10 in Alchemy
 24581 | D:13     | Noticed Laraso's ghost (journeyman OnCA)
 24582 | D:13     | Found a transporter.
 24593 | D:13     | Identified the +2 dire flail of Qyezuceg {holy, Int+3}
 24832 | D:14     | Found a gate leading to a gauntlet.
 24851 | Gauntlet | Entered a Gauntlet
 24851 | Gauntlet | Found a transporter.
 24851 | Gauntlet | Found a transporter.
 24851 | Gauntlet | Found a large runed translucent door.
 24851 | Gauntlet | Found a large runed translucent door.
 24851 | Gauntlet | Found a large runed translucent door.
 24851 | Gauntlet | Found a large runed translucent door.
 24851 | Gauntlet | Found a large runed translucent door.
 24851 | Gauntlet | Found a large runed translucent door.
 24851 | Gauntlet | Found a runed translucent door.
 24851 | Gauntlet | Found a runed translucent door.
 24851 | Gauntlet | Found a large runed translucent door.
 24851 | Gauntlet | Found a large runed translucent door.
 24851 | Gauntlet | Found a large runed translucent door.
 24851 | Gauntlet | Found a large runed translucent door.
 24851 | Gauntlet | Found a large runed translucent door.
 24851 | Gauntlet | Found a large runed translucent door.
 24855 | Gauntlet | Found a transporter.
 24857 | Gauntlet | Found a transporter.
 24858 | Gauntlet | Found a large runed translucent door.
 24858 | Gauntlet | Found a large runed translucent door.
 24858 | Gauntlet | Found a large runed translucent door.
 24860 | Gauntlet | Found a runed translucent gate.
 24860 | Gauntlet | Found a runed translucent gate.
 24860 | Gauntlet | Found a runed translucent gate.
 24862 | Gauntlet | Found a transporter.
 24882 | Gauntlet | Found a transporter.
 24902 | Gauntlet | Found a transporter.
 24907 | Gauntlet | Found a transporter.
 24907 | Gauntlet | Found a transporter.
 24908 | Gauntlet | Found the ring of the Mage {Wiz Archmagi}
 24910 | Gauntlet | Found a transporter.
 24973 | Gauntlet | Found a transporter.
 24999 | Gauntlet | Found a transporter.
 25084 | Gauntlet | Found a transporter.
 25091 | Gauntlet | Found a transporter.
 25191 | Gauntlet | Got the Teachings on Electric Soot
 25196 | Gauntlet | Identified the +5 trident of Vuecvy {heavy, Dex+4}
 25199 | Gauntlet | Identified the +1 robe of Cowardice {Str+4}
 25200 | Gauntlet | Got the Vellum of the Damaging Singularity
 25249 | D:14     | Identified the +10 short sword of the Wasteland {heavy,
                  | rCorr Str+4 Int+2 Dex+2}
 25484 | D:14     | Found a gate to the Vaults.
 25872 | D:14     | Found a portal to a secret trove of treasure.
 26042 | D:14     | Found a runed translucent door.
 26055 | D:14     | Found the +10 tower shield of Ignorance {rN+ Int-4}
 26073 | D:14     | Found a runed translucent door.
 26188 | D:15     | Entered Level 15 of the Dungeon
 26702 | D:15     | Found a sparkling altar of Nemelex Xobeh.
 26758 | D:15     | Found a staircase to the Depths.
 26767 | D:15     | Reached skill level 1 in Shapeshifting
 26782 | D:15     | Reached skill level 2 in Shapeshifting
 27206 | Snake:1  | Entered Level 1 of the Snake Pit
 27283 | Snake:1  | Reached XP level 15. HP: 119/161 MP: 26/26
 27301 | Snake:1  | Found Oleoczei's Magic Scroll Emporium.
 27305 | Snake:1  | Reached skill level 3 in Shapeshifting
 27597 | Snake:1  | Reached skill level 4 in Shapeshifting
 27847 | Snake:1  | Noticed Agnes
 27854 | Snake:1  | Killed Agnes
 28111 | Snake:2  | Reached skill level 5 in Shapeshifting
 28223 | Snake:2  | Noticed Vashnia
 28249 | Snake:2  | Killed Vashnia
 28250 | Snake:2  | Reached skill level 6 in Shapeshifting
 28499 | Snake:2  | Reached skill level 7 in Shapeshifting
 28596 | Snake:2  | Identified the +0 robe of the Enfolding Gods {rC+}
 29160 | Snake:2  | Reached skill level 8 in Shapeshifting
 29251 | Snake:2  | Reached skill level 9 in Shapeshifting
 29407 | Snake:2  | Acquired the ring "Botul" {Will+ MP+9}
 29575 | Snake:3  | Identified the dragon-blood talisman of Compassion {Dex+6}
 29575 | Snake:3  | Noticed Bai Suzhen
 29605 | Snake:3  | Killed Bai Suzhen
 29606 | Snake:3  | Reached skill level 10 in Shapeshifting
 29609 | Snake:3  | Reached skill level 1 in Evocations
 29727 | Snake:3  | Noticed Mlioglotl
 29729 | Snake:3  | Noticed Roxanne
 29747 | Snake:3  | Killed Mlioglotl
 30050 | Snake:3  | Killed Roxanne
 30051 | Snake:3  | Reached XP level 16. HP: 114/170 MP: 27/27
 30493 | Snake:3  | Identified the serpent talisman of the Distant Future
                  | {rElec Dex-3 Stlth+}
 30493 | Snake:3  | Noticed Aizul
 30501 | Snake:3  | Killed Aizul
 30774 | Snake:4  | Entered Level 4 of the Snake Pit
 30927 | Snake:4  | Reached skill level 5 in Evocations
 31141 | Snake:4  | Found Goit's Distillery.
 31892 | Snake:4  | Bought a potion of curing for 45 gold pieces
 31892 | Snake:4  | Bought a potion of might for 60 gold pieces
 31929 | Snake:4  | Noticed Mara
 31942 | Snake:4  | Killed Mara
 32241 | Snake:4  | Reached XP level 17. HP: 105/182 MP: 22/28
 32375 | Snake:4  | Reached skill level 10 in Dodging
 32520 | Snake:4  | Reached skill level 15 in Fighting
 32632 | Snake:4  | Got a serpentine rune of Zot
 32854 | Shoals:1 | Entered Level 1 of the Shoals
 32854 | Shoals:1 | Noticed Nikola
 32862 | Shoals:1 | Killed Nikola
 33036 | Shoals:1 | Noticed Donald
 33048 | Shoals:1 | Killed Donald
 33957 | Shoals:2 | Noticed Frances
 33967 | Shoals:2 | Killed Frances
 34364 | Shoals:3 | Noticed Ilsuiw
 34544 | Shoals:3 | Learned a level 3 spell: Swiftness
 34548 | Shoals:3 | Learned a level 1 spell: Apportation
 34553 | Shoals:3 | Learned a level 4 spell: Vhi's Electric Charge
 34596 | Shoals:3 | Killed Ilsuiw
 34597 | Shoals:3 | Reached skill level 1 in Translocations
 35098 | Shoals:4 | Entered Level 4 of the Shoals
 35315 | Shoals:4 | Reached XP level 18. HP: 109/197 MP: 13/28
 35319 | Shoals:4 | Reached skill level 5 in Air Magic
 35332 | Shoals:4 | Got a barnacled rune of Zot
 35445 | Shoals:4 | Identified the ring of Tiod {+Blink rPois rC- SInv Stlth+}
 35825 | Shoals:4 | Identified the ring "Sogu" {Wiz MP+9}
 36022 | Shoals:4 | Got the Volume of Cloudy Immolation
 36407 | Vaults:1 | Entered Level 1 of the Vaults
 37481 | Vaults:1 | Noticed a tentacled monstrosity
 37514 | Vaults:1 | Killed a tentacled monstrosity
 37739 | Vaults:1 | Reached XP level 19. HP: 183/184 MP: 24/29
 38092 | Vaults:1 | Reached skill level 5 in Stealth
 39799 | Vaults:3 | Identified the ring "Heusepn" {rF+ rC+ Dex+3 Slay+2}
 39969 | Vaults:3 | Found a staircase to the Crypt.
 40967 | Vaults:3 | Found Osam's Antique Armour Shop.
 41113 | Vaults:3 | Reached XP level 20. HP: 221/221 MP: 30/30
 41154 | Vaults:3 | Identified the ring of Asceticism {rElec Will+ rCorr Int-2}
 41582 | Vaults:4 | Noticed Jory
 41610 | Vaults:4 | Killed Jory
 41612 | Vaults:4 | Noticed Saint Roka
 41743 | Vaults:4 | Killed Saint Roka
 43459 | Elf:1    | Entered Level 1 of the Elven Halls
 43500 | Elf:1    | Identified the +4 war axe of Lufosch {heavy, rElec}
 43796 | Elf:1    | Found a runed translucent gate.
 43796 | Elf:1    | Found a runed translucent gate.
 43796 | Elf:1    | Found a runed translucent gate.
 43806 | Elf:1    | Noticed Facewke's ghost (adept HuAE)
 43849 | Elf:1    | Noticed Azrael
 43855 | Elf:1    | Killed Azrael
 43902 | Elf:1    | You fall into a shaft and drop 1 floor!
 44179 | Elf:2    | Found a runed translucent gate.
 44179 | Elf:2    | Found a runed translucent gate.
 44182 | Elf:2    | Found a runed translucent gate.
 44270 | Elf:2    | Reached XP level 21. HP: 235/235 MP: 31/31
 44272 | Elf:2    | Reached skill level 10 in Evocations
 45244 | Elf:1    | Found Zusenomm's General Store.
 45455 | Elf:1    | Bought 2 potions of berserk rage for 170 gold pieces
 45455 | Elf:1    | Bought a potion of mutation for 136 gold pieces
 45577 | Elf:3    | Entered Level 3 of the Elven Halls
 45971 | Elf:3    | Found Sysyfug's Magic Scroll Shop.
 46143 | Elf:3    | Reached skill level 11 in Shapeshifting
 46553 | Elf:3    | Reached skill level 12 in Shapeshifting
 46696 | Elf:3    | Got the Annotations on the Winter and Hexes
 47045 | Elf:3    | Identified the staff "Osauw" {rF+ Will- rCorr Stlth+ Necro
                  | Fire}
 47100 | Elf:3    | Found the +6 Majin-Bo {spellvamp, MP+6 Int+6}
 47106 | Elf:3    | Identified the +2 shortbow of Discord {drain, rPois Stlth+}
 47122 | Elf:3    | Identified the +1 ring mail "Taori" {rElec rC+ Int+3 SInv}
 47156 | Elf:3    | Identified the +6 broad axe of Amorality {antimagic, *Rage
                  | Dex+5 Stlth+}
 47505 | Slime:1  | Entered Level 1 of the Pits of Slime
 47593 | Slime:3  | Noticed Dissolution
 47600 | Slime:3  | Killed Dissolution
 47601 | Slime:3  | Reached XP level 22. HP: 247/247 MP: 32/32
 47612 | Slime:3  | Reached skill level 13 in Shapeshifting
 47839 | Slime:2  | Gained mutation: Your health recovers twice as slowly from
                  | being drained. [a shining eye]
 47854 | Slime:2  | Lost mutation: Your movements are slightly less encumbered
                  | by armour. (ER -2) [potion of mutation]
 47854 | Slime:2  | Lost mutation: Your health recovers twice as slowly from
                  | being drained. [potion of mutation]
 47854 | Slime:2  | Lost mutation: You are partially covered in iridescent
                  | scales. (AC +2) [potion of mutation]
 47854 | Slime:2  | Gained mutation: You occasionally shout uncontrollably at
                  | your foes. [potion of mutation]
 47854 | Slime:2  | Gained mutation: You have supernaturally acute eyesight.
                  | (SInv) [potion of mutation]
 47854 | Slime:2  | Gained mutation: You are frail. (-10% HP) [potion of
                  | mutation]
 47854 | Slime:2  | Gained mutation: You have hidden genetic potential. [potion
                  | of mutation]
 47855 | Slime:2  | Lost mutation: Your system is resistant to poisons. (rPois)
                  | [potion of mutation]
 47855 | Slime:2  | Lost mutation: You have hidden genetic potential. [potion
                  | of mutation]
 47855 | Slime:2  | Lost mutation: You have supernaturally acute eyesight.
                  | (SInv) [potion of mutation]
 47855 | Slime:2  | Gained mutation: You are very agile. (Dex +8, Str/Int -2)
                  | [potion of mutation]
 47855 | Slime:2  | Gained mutation: You have sharp toenails. [potion of
                  | mutation]
 47855 | Slime:2  | Gained mutation: You expend magic power (3 MP) to
                  | strengthen your wands. [potion of mutation]
 47856 | Slime:2  | Lost mutation: You occasionally shout uncontrollably at
                  | your foes. [potion of mutation]
 47856 | Slime:2  | Lost mutation: You expend magic power (3 MP) to strengthen
                  | your wands. [potion of mutation]
 47856 | Slime:2  | Gained mutation: You do not regenerate when monsters are
                  | visible. [potion of mutation]
 47856 | Slime:2  | Gained mutation: You are covered in fur. (AC +1) [potion of
                  | mutation]
 47857 | Slime:2  | Lost mutation: You are frail. (-10% HP) [potion of
                  | mutation]
 47857 | Slime:2  | Lost mutation: You are very agile. (Dex +8, Str/Int -2)
                  | [potion of mutation]
 47857 | Slime:2  | Lost mutation: You are agile. (Dex +4, Str/Int -1) [potion
                  | of mutation]
 47857 | Slime:2  | Gained mutation: You are frail. (-10% HP) [potion of
                  | mutation]
 47857 | Slime:2  | Gained mutation: You occasionally lose the ability to drink
                  | potions when taking damage. [potion of mutation]
 47857 | Slime:2  | Gained mutation: Your flesh is cold resistant. (rC+)
                  | [potion of mutation]
 48089 | D:9      | Lost mutation: You are covered in fur. (AC +1) [potion of
                  | mutation]
 48089 | D:9      | Lost mutation: Your flesh is cold resistant. (rC+) [potion
                  | of mutation]
 48089 | D:9      | Lost mutation: You have sharp toenails. [potion of
                  | mutation]
 48089 | D:9      | Gained mutation: You are weak. (Str -2) [potion of
                  | mutation]
 48089 | D:9      | Gained mutation: You are very frail. (-20% HP) [potion of
                  | mutation]
 48089 | D:9      | Lost mutation: You are weak. (Str -2) [potion of mutation]
 48244 | Slime:3  | Paralysed by a formless jellyfish for 1 turns
 48293 | Slime:4  | Paralysed by a formless jellyfish for 1 turns
 48296 | Slime:4  | Paralysed by a formless jellyfish for 1 turns
 48534 | Slime:4  | Gained mutation: Your spells are a little easier to cast,
                  | but a little less powerful. [a shining eye]
 48536 | Slime:4  | Gained mutation: You have large cloven feet. [a shining
                  | eye]
 48618 | Slime:5  | Entered Level 5 of the Pits of Slime
 48632 | Slime:5  | Reached skill level 14 in Shapeshifting
 48753 | Slime:5  | Noticed the Royal Jelly
 48897 | Slime:3  | Gained mutation: You occasionally lose the ability to read
                  | scrolls when taking damage. [a shining eye]
 49957 | Slime:5  | Found a viscous altar of Jiyva.
 50214 | Slime:5  | Killed the Royal Jelly
 50216 | Slime:5  | Reached skill level 15 in Shapeshifting
 50405 | Slime:5  | Identified the ring of Ihyck {rF+ rC+}
 50409 | Slime:5  | Identified the staff "Haynellaif" {rElec rC+++ rCorr Dex-5
                  | Necro Air}
 50417 | Slime:5  | Got the Discursus on Inflammable Fumes
 50452 | Slime:5  | Got a slimy rune of Zot
 50453 | Slime:5  | Identified the ring of Absolutism {*Slow rF+ AC+4 Int+6}
 50511 | Slime:5  | Identified the +1 halberd "Lifreusch" {freeze, rF+ Str+4}
 50964 | Elf:3    | Bought a scroll of enchant armour for 120 gold pieces
 51159 | D:14     | You paid a toll of +2 shadow dragon scales to enter a
                  | treasure trove
 51160 | Trove    | Entered a treasure trove
 51231 | Trove    | Lost mutation: Your spells are a little easier to cast, but
                  | a little less powerful. [potion of mutation]
 51231 | Trove    | Lost mutation: You occasionally lose the ability to drink
                  | potions when taking damage. [potion of mutation]
 51231 | Trove    | Gained mutation: You expend magic power (3 MP) to
                  | strengthen your wands. [potion of mutation]
 51231 | Trove    | Gained mutation: Your magical capacity is very low. (-20%
                  | MP) [potion of mutation]
 51231 | Trove    | Gained mutation: Your spells are a little harder to cast,
                  | but a little more powerful. [potion of mutation]
 51232 | Trove    | Reached XP level 23. HP: 198/198 MP: 29/29
 51300 | Depths:1 | Entered Level 1 of the Depths
 51365 | Depths:1 | Reached skill level 16 in Shapeshifting
 51501 | Depths:1 | Found a one-way gateway to a ziggurat.
 52283 | Depths:1 | Found a gateway to Hell.
 52394 | Depths:1 | Found a one-way gate to the infinite horrors of the Abyss.
 52394 | Depths:1 | Noticed Louise
 52398 | Depths:1 | Killed Louise
 52484 | Depths:1 | Identified the +2 kite shield "Icet" {Rampage Str-5 Dex+4}
 52484 | Depths:1 | Noticed Asterion
 52492 | Depths:1 | Killed Asterion
 52596 | Depths:1 | Found Ysichoo's Distillery.
 52600 | Depths:1 | Bought 2 potions of mutation for 256 gold pieces
 52600 | Depths:1 | Lost mutation: You are very frail. (-20% HP) [potion of
                  | mutation]
 52600 | Depths:1 | Lost mutation: You occasionally lose the ability to read
                  | scrolls when taking damage. [potion of mutation]
 52600 | Depths:1 | Lost mutation: You have large cloven feet. [potion of
                  | mutation]
 52600 | Depths:1 | Gained mutation: Your mind is acute. (Int +4, Str/Dex -1)
                  | [potion of mutation]
 52600 | Depths:1 | Lost mutation: Your mind is acute. (Int +4, Str/Dex -1)
                  | [potion of mutation]
 52600 | Depths:1 | Gained mutation: You are partially covered in iridescent
                  | scales. (AC +2) [potion of mutation]
 52601 | Depths:1 | Lost mutation: You expend magic power (3 MP) to strengthen
                  | your wands. [potion of mutation]
 52601 | Depths:1 | Lost mutation: You are frail. (-10% HP) [potion of
                  | mutation]
 52601 | Depths:1 | Lost mutation: You do not regenerate when monsters are
                  | visible. [potion of mutation]
 52601 | Depths:1 | Gained mutation: Your system is resistant to poisons.
                  | (rPois) [potion of mutation]
 52601 | Depths:1 | Gained mutation: You have a somewhat thin skeletal
                  | structure. (Dex +2, Stealth+) [potion of mutation]
 53122 | Depths:2 | Reached XP level 24. HP: 267/267 MP: 29/29
 53123 | Depths:2 | Noticed Norris
 53129 | Depths:2 | Killed Norris
 53320 | Depths:2 | Reached skill level 15 in Dodging
 53537 | Depths:2 | Identified the amulet "Qaur" {Spirit Int+5}
 53908 | Depths:2 | Found a one-way gate leading to the halls of Pandemonium.
 54338 | Depths:3 | Reached skill level 5 in Translocations
 54340 | Depths:3 | Noticed the Enchantress
 54350 | Depths:3 | Killed the Enchantress
 55614 | Depths:3 | Identified the +9 great sword "Ewazeyga" {flame, SInv}
 55720 | Depths:4 | Entered Level 4 of the Depths
 55892 | Depths:4 | Reached XP level 25. HP: 260/260 MP: 18/29
 56179 | Depths:4 | Reached skill level 17 in Shapeshifting
 56321 | Depths:4 | Found Big Baal Hell's Store.
 56334 | Depths:4 | Bought a potion of experience for 3300 gold pieces
 56334 | Depths:4 | Reached XP level 26. HP: 288/288 MP: 26/29
 56523 | Depths:4 | Found a gate to the Realm of Zot.
 57054 | Vaults:5 | Entered Level 5 of the Vaults
 57065 | Vaults:5 | Reached skill level 18 in Shapeshifting
 57328 | Vaults:5 | Got a silver rune of Zot
 57343 | Vaults:5 | Found Ughyi's Distillery.
 57347 | Vaults:5 | Bought a potion of haste for 200 gold pieces
 57347 | Vaults:5 | Bought a potion of heal wounds for 100 gold pieces
 57347 | Vaults:5 | Bought a potion of resistance for 200 gold pieces
 57373 | Vaults:5 | Reached skill level 19 in Shapeshifting
 57400 | Vaults:5 | Found Hastumu's Magic Scroll Emporium.
 57522 | Vaults:5 | Got Jeapheme's Atlas of the Sphinx and Decomposition
 57529 | Vaults:5 | Learned a level 5 spell: Yara's Violent Unravelling
 57594 | Vaults:5 | Reached skill level 1 in Hexes
 57714 | Vaults:5 | Got Vuarrun's Quarto of Moving Freezing
 57787 | Vaults:5 | Identified the +8 glaive of Qazlal's Displeasure {flame,
                  | Will+ Dex+4 Stlth-}
 58014 | Vaults:5 | Reached skill level 5 in Hexes
 58027 | Vaults:5 | Noticed an ancient lich
 58035 | Vaults:5 | Killed an ancient lich
 58804 | Crypt:1  | Entered Level 1 of the Crypt
 59182 | Crypt:1  | Noticed Margery
 59194 | Crypt:1  | Noticed Mennas
 59196 | Crypt:1  | Killed Margery
 59238 | Crypt:1  | Killed Mennas
 59322 | Crypt:1  | Reached skill level 20 in Shapeshifting
 59442 | Crypt:1  | Learned a level 2 spell: Lesser Beckoning
 59472 | Crypt:1  | Found a basalt altar of Yredelemnul.
 59589 | Crypt:1  | Noticed Sojobo
 59602 | Crypt:1  | Paralysed by an air elemental for 1 turns
 59607 | Crypt:1  | Paralysed by an air elemental for 1 turns
 59609 | Crypt:1  | Killed Sojobo
 60786 | Crypt:2  | Reached skill level 21 in Shapeshifting
 60953 | Crypt:2  | Found an ancient bone altar of Kikubaaqudgha.
 60969 | Crypt:2  | Identified the +8 sling "Abaofe" {flame, rElec Str+3}
 61331 | Crypt:3  | Entered Level 3 of the Crypt
 61654 | Crypt:3  | Found the +8 Vampire's Tooth {megavamp}
 61670 | Crypt:3  | Identified the ring of Pyrilutu {rElec rF- rN+ Str+3}
 61670 | Crypt:3  | Identified the ring of Jenead {rC- rN+ Str+4 Int+2}
 61670 | Crypt:3  | Identified the ring "Ogeumymp" {Fly rPois rN+ Will- Int+3}
 61810 | Crypt:3  | Found a staircase to the Tomb.
 61852 | Crypt:3  | Reached skill level 22 in Shapeshifting
 61956 | Crypt:3  | Got the Handbook of Indurated Black Deeds
 61982 | Crypt:3  | Noticed a dread lich
 61984 | Crypt:3  | Killed a dread lich
 62590 | Crypt:3  | Found an ancient bone altar of Kikubaaqudgha.
 62630 | Crypt:3  | Identified the ring "Tostrul" {rElec rCorr SInv}
 62640 | Crypt:3  | Noticed an ancient lich
 62645 | Crypt:3  | Killed an ancient lich
 63372 | Zot:1    | Entered Level 1 of the Realm of Zot
 63593 | Zot:1    | Noticed an orb of fire
 63658 | Zot:1    | Reached skill level 23 in Shapeshifting
 63674 | Zot:1    | Gained mutation: Your magical capacity is extremely low.
                  | (-30% MP) [an orb of fire]
 63677 | Zot:1    | Killed an orb of fire
 63698 | Zot:1    | Noticed an orb of fire
 63974 | Zot:1    | Gained mutation: You are dopey. (Int -2) [an orb of fire]
 63976 | Zot:1    | Killed an orb of fire
 64790 | Zot:3    | Reached skill level 24 in Shapeshifting
 65371 | Zot:3    | Noticed Vv
 65405 | Zot:3    | Killed Vv
 65654 | Zot:3    | Found the +8 orange crystal plate armour {Archmagi, Int+3
                  | Clar}
 65830 | Zot:4    | Reached skill level 25 in Shapeshifting
 66020 | Zot:4    | Found a stormy altar of Qazlal.
 66794 | Hell     | Entered the Vestibule of Hell
 66807 | Hell     | Noticed Geryon
 66837 | Hell     | Killed Geryon
 66916 | Hell     | Reached skill level 26 in Shapeshifting
 66950 | Hell     | Gained mutation: Armour fits poorly on your strangely
                  | shaped body. [a cacodemon]
 67047 | Hell     | Found a gateway to the decaying netherworld of Tartarus.
 67327 | Tar:1    | Entered Level 1 of Tartarus
 67491 | Tar:3    | Noticed a juggernaut
 67500 | Tar:3    | Killed a juggernaut
 67520 | Tar:3    | Noticed a juggernaut
 67621 | Tar:3    | Killed a juggernaut
 67817 | Tar:3    | Reached skill level 27 in Shapeshifting
 67827 | Tar:3    | Noticed a juggernaut
 67838 | Tar:3    | Noticed a juggernaut
 67841 | Tar:3    | Noticed a juggernaut
 67845 | Tar:3    | Killed a juggernaut
 67847 | Tar:3    | Killed a juggernaut
 67857 | Tar:3    | Killed a juggernaut
 68000 | Tar:5    | Noticed an ancient lich
 68028 | Hell     | Killed an ancient lich
 68750 | Tar:7    | Entered Level 7 of Tartarus
 68769 | Tar:7    | Noticed an ancient lich
 68769 | Tar:7    | Noticed an ancient lich
 69085 | Tar:7    | Killed an ancient lich
 69100 | Tar:7    | Killed an ancient lich
 69174 | Tar:7    | Learned a level 4 spell: Passage of Golubria
 69299 | Tar:7    | Noticed a dread lich
 69299 | Tar:7    | Noticed an ancient lich
 69313 | Tar:7    | Killed an ancient lich
 69320 | Tar:7    | Killed a dread lich
 69329 | Tar:7    | Identified the ring "Lilletil" {rC+ rN+ MP+9 AC+4 Str-4}
 69388 | Tar:7    | Found the dreamshard necklace {Acrobat *Dream}
 69540 | Tar:7    | Reached skill level 10 in Translocations
 69750 | Tar:7    | Noticed Ereshkigal
 69752 | Tar:7    | Paralysed by Ereshkigal for 5 turns
 69773 | Tar:7    | Killed Ereshkigal
 69902 | Tar:7    | Got a bone rune of Zot
 70265 | Tar:7    | Identified the +3 glaive of Eplobing {spect, Int+2 Dex+3}
 70795 | Depths:3 | Voluntarily entered the Abyss.
 71076 | Abyss:3  | Paralysed by accursed screaming for 1 turns
 71102 | Depths:3 | Escaped the Abyss
 71153 | Depths:3 | Voluntarily entered the Abyss.
 71266 | Abyss:3  | Found a corrupted altar of Lugonu.
 71324 | Abyss:3  | Paralysed by accursed screaming for 1 turns
 71353 | Abyss:3  | Found a corrupted altar of Lugonu.
 71539 | Abyss:3  | Found a corrupted altar of Lugonu.
 71550 | Abyss:3  | Found a corrupted altar of Lugonu.
 71550 | Abyss:3  | Found a corrupted altar of Lugonu.
 71709 | Abyss:4  | Got an abyssal rune of Zot
 71729 | Depths:3 | Escaped the Abyss
 71880 | Zot:5    | Entered Level 5 of the Realm of Zot
 71992 | Zot:5    | Found a transporter.
 72047 | Zot:5    | Found a transporter.
 72377 | Zot:5    | Noticed a dread lich
 72392 | Zot:5    | Noticed an orb of fire
 72400 | Zot:5    | Killed an orb of fire
 72421 | Zot:5    | Killed a dread lich
 72425 | Zot:5    | Noticed an orb of fire
 72429 | Zot:5    | Killed an orb of fire
 72432 | Zot:5    | Noticed an orb of fire
 72433 | Zot:5    | Noticed an ancient lich
 72441 | Zot:5    | Killed an orb of fire
 72445 | Zot:5    | Killed an ancient lich
 72448 | Zot:5    | Noticed an ancient lich
 72456 | Zot:5    | Killed an ancient lich
 72544 | Zot:5    | Identified the +5 long sword "Onuashrug" {drain, Int+4}
 72558 | Zot:5    | Noticed an ancient lich
 72578 | Zot:5    | Killed an ancient lich
 73005 | Zot:5    | Acquired a book of Spatial Translocations
 73011 | Zot:5    | Learned a level 2 spell: Blink
 73023 | Zot:5    | Got the Orb of Zot
 73048 | Zot:5    | Noticed Teneovuo the pandemonium lord
 73054 | Zot:5    | Noticed a dread lich
 73061 | Zot:5    | Killed Teneovuo the pandemonium lord
 73075 | Zot:5    | Killed a dread lich
 73217 | Zot:2    | Noticed Elos the pandemonium lord
 73222 | Zot:2    | Killed Elos the pandemonium lord
 73426 | Depths:1 | Noticed Yximp the pandemonium lord
 73440 | Depths:1 | Killed Yximp the pandemonium lord
 73829 | D:$      | Escaped with the Orb!

Illustrated notes

Levels and vault maps discovered:
D:1:      spicycebolla_arrival_risky_transporter, layout_basic,
          minmay_misc_feat_enclosed, chequers_serial_rivers_small_a,
          hangedman_decor_opposing
D:2:      layout_basic, minmay_lizard_pond
D:3:      layout_loops_ring, shapermc_ecumenical_altar_ellora
D:4:      layout_loops_ring, mainiacjoe_overflow_six_doors_small,
          hangedman_ru_absence, lemuel_round_altar
D:5:      layout_loops_ring, nicolae_elyvilon_peaceful_grove,
          mainiacjoe_overflow_large_starburst, minmay_temple_entry_hall,
          ebering_ghost_reflecting_pool, uniq_blork_the_orc, uniq_prince_ribbit1
D:6:      kennysheep_spiral_hall, layout_basic
D:7:      layout_basic, mainiacjoe_overflow_boulevard, serial_shops, shop,
          gammafunk_ghost_icy, hangedman_decor_clover_reticule
D:8:      layout_loops_ring, mainiacjoe_overflow_catwalk,
          introduction_to_nature_2, uniq_grum, uniq_maurice
D:9:      layout_basic, nicolae_uskayaw_dance_studio,
          mainiacjoe_overflow_brackets, nicolae_overflow_crystal_walls,
          minivault_21
D:10:     layout_loops_cross, nicolae_overflow_hidden_temple,
          hellmonk_ghost_happy_afterlife, enter_bailey_3
D:11:     layout_basic, hellmonk_lair_entry_icy
D:12:     layout_cross, minmay_orc_entry_temple_small
D:13:     layout_basic, gammafunk_ghost_smash
D:14:     layout_basic, grunt_vaults_entry_fortified,
          nicolae_elevator_lobby_plus, gauntlet_entry_generic,
          nicolae_trove_entry_crystal, chequers_guarded_unrand_ignorance
D:15:     gammafunk_depths_entry_grave, layout_long_grid,
          nemelex_lonely_heart_becter, drop_trap
Lair:1:   layout_cave_pods, gammafunk_ghost_split, grunt_megastairs_1
Lair:2:   layout_layer_cave, serial_bayou_shore_b, serial_bayou_shore_a,
          lemuel_fruit_tree
Lair:3:   layout_concentric_octagons, minmay_shoals_entry_beasts,
          minmay_snake_entry_guardpost_small, portal_ice_cave_entry_imps,
          minivault_24, hibernation_bobbens, uniq_amaemon
Lair:4:   layout_misc_corridors, nicolae_slime_entry_slimehenge,
          grunt_forest_stairs_basic, uniq_kirke, uniq_snorg
Lair:5:   hangedman_lair_caniforms_friends, layout_small_grid,
          nicolae_volcano_entry_lava_flow, serial_rivers,
          chequers_serial_rivers_micro_d, chequers_serial_rivers_micro_e,
          chequers_serial_rivers_micro_c, chequers_serial_rivers_room_b,
          chequers_serial_rivers_small_b
Shoals:1: layout_shoals, uniq_nikola, uniq_donald
Shoals:2: layout_shoals, uniq_frances
Shoals:3: cheibrodos_shoals_three_sisters, layout_shoals, uniq_ilsuiw
Shoals:4: shoals_end_simple, layout_shoals, shoal_ilsuiw
Snake:1:  layout_misc_corridors, serial_shops, nicolae_take_the_stairs,
          hangedman_snake_pattern, nicolae_integral_box, uniq_agnes
Snake:2:  layout_layer_cave, serial_library_regret_index_turning,
          nicolae_snake_dead_anacondas, uniq_vashnia
Snake:3:  layout_layer_cave, uniq_roxanne, uniq_aizul, uniq_mlioglotl,
          uniq_bai_suzhen
Snake:4:  snake_pit_salamanders_mu, layout_cave_town, serial_shops,
          nicolae_shop_gibbet_a_chance, uniq_mara
Slime:1:  layout_caves
Slime:2:  nicolae_slime_infinislime, layout_caves
Slime:3:  layout_caves, dissolution_awaits
Slime:4:  cheibrodos_slime_lost_civilization_8, layout_caves,
          cheibrodos_slime_lost_civilization_7
Slime:5:  slime_pit
Orc:1:    layout_caves, serial_shops, nicolae_shop_scrapyard
Orc:2:    grunt_orc_community_town_hall, layout_caves,
          grunt_orc_community_big_house_1, grunt_orc_community_big_house_2,
          grunt_orc_community_house_2, grunt_orc_community_house_2,
          grunt_orc_community_house_3, grunt_orc_community_house_2, basic_altar
Elf:1:    elf_arrival_002, layout_geoelf_diagonals, ebering_ghost_rock_garden,
          serial_shops, nicolae_shop_tiny_glass, minmay_elf_necromancy,
          roderic_lattice_octagonal_star, uniq_azrael
Elf:2:    nicolae_elf_blades_crystal_corner, layout_gridlike
Elf:3:    nooodl_elf_gasket, layout_loops_cross, serial_shops,
          nicolae_shop_advertising_works [nicolae_subvault_shop_adworks]
Vaults:1: v_rooms_2, vaults_standard_mumra_x, v_misc_8,
          nicolae_vaults_closet_pinwheel_1, st_star,
          nicolae_vaults_disjoint_gnomons, v_misc_29,
          hangedman_vaults_restitches, serial_ice_g, vaults_room_door_ring,
          nicolae_vaults_two_Ls, vaults_mumra_chevron_long,
          vaults_room_door_ring, ontoclasm_vaults_fault,
          layout_vaults_maze_bifur
Vaults:2: nicolae_vaults_circle_grid_b, v_misc_22, vaults_dpeg_encased_lava,
          nicolae_vaults_alarming, vaults_mumra_minichess, v_misc_8,
          nicolae_vaults_security_offices_1, hangedman_vaults_maws,
          nicolae_vaults_cochlea, layout_vaults_big_room
Vaults:3: vaults_room_fours, nicolae_vaults_little_squares_1,
          nicolae_vaults_prndl, nicolae_vaults_corridor_and_loot_room,
          nicolae_vaults_wine_cellar, minmay_crypt_entry_simple_sparse,
          v_misc_10, vaults_dpeg_diagonal, hangedman_vaults_snaps,
          v_alt_pattern_6, nicolae_vaults_closet_pinwheel_4,
          vaults_room_stairs_pillars, nicolae_vaults_two_Ls,
          layout_vaults_omnicross, serial_shops, nicolae_shop_trees
Vaults:4: nicolae_vaults_offset_grid_hallway_1, vaults_room_door_hall,
          nicolae_vaults_border_crossing, v_misc_15,
          nicolae_vaults_closet_pinwheel_1, nicolae_vaults_double_plus_1,
          nicolae_vaults_trapezoid_lopsided_3, nicolae_vaults_trapezoid_2,
          nicolae_vaults_turnstiles, nicolae_vaults_meeting,
          layout_vaults_quadrants, uniq_saint_roka, uniq_jory
Vaults:5
Crypt:1:  layout_catacombs, basic_altar, uniq_sojobo, uniq_margery, uniq_mennas
Crypt:2:  lemuel_vampire_tower, layout_gridlike, grunt_megastairs_4,
          lemuel_upstairs_altar
Crypt:3:  quadcrypt_mu
Depths:1: layout_cave_shapes, enter_ziggurat_f, hellmouth_3,
          nicolae_figureground_sparkle, serial_shops,
          nicolae_shop_back_alley_shop, nicolae_abyss_entry_one_way_or_another,
          serial_bayou_pond_d, minivault_16, hangedman_abyss_or_decor_stagger,
          kennysheep_generic_room_10, uniq_asterion
Depths:2: nicolae_fronds_of_death, layout_gridlike,
          infiniplex_staircase_pool_lava, hell_entry, rand_demon_pan_entry_1,
          uniq_norris
Depths:3: hangedman_crystal_crosses_colossus [crystal_crosses_arms_four,
          crystal_crosses_arms_two, crystal_crosses_arms_one,
          crystal_crosses_arms_one], abyss_entry, hell_entry, uniq_enchantress
Depths:4: evilmike_zot_entry_round, layout_basic,
          nicolae_hell_entry_big_baal_hell, minmay_misc_feat_nine_boxes
Hell
Tar:1:    layout_catacombs
Tar:2:    layout_grid_maze
Tar:3:    nicolae_hells_titanomachy
Tar:4:    hangedman_restless_catacombs
Tar:5:    layout_honeycomb, nicolae_tar_combbox
Tar:6:    layout_grid_maze
Tar:7:    tar_grunt_cathedral
Zot:1:    layout_onion_interference, guppyfry_library_mini
Zot:2:    layout_cellular_growth, grunt_ministairs_14, grunt_megastairs_3
Zot:3:    layout_onion_interference, regret_index_zotdec_obsidian_hm,
          zot_minivault_4, grunt_megastairs_2, uniq_vv
Zot:4:    layout_gridlike, regret_index_zotdec_storm_pass
Zot:5:    layout_basic, lemuel_baited_zot_trap, nicolae_transporter_intersection

Skill      XL: |  1  2  3  4  5  6  7  8  9 10 11 12 13 14 15 16 17 18 19 20 21 22 23 24 25 26 |
---------------+-------------------------------------------------------------------------------+-----
Spellcasting   | 3 4 5 10 | 10.1
Alchemy        | 3 4 5 7 6 8 11 14 | 14.5
Conjurations   | 1 2 |  2.0
Air Magic      | 1 4 5 7 8 |  8.2
Fire Magic     | 5 4 |  4.7
Fighting       | 12 14 12 13 14 16 18 19 20 21 26 | 26.2
Dodging        | 6 9 8 9 11 12 13 14 15 19 | 19.0
Summonings     | 4 3 |  3.7
Axes           | 6 |  6.8
Short Blades   | 5 10 11 14 | 14.0
Shapeshifting  | 2 10 12 15 16 17 27 | 27.0
Evocations     | 2 7 9 11 | 11.0
Translocations | 3 7 10 | 10.8
Stealth        | 3 7 |  7.0
Hexes          | 6 |  6.1

Action                     |  1- 3 |  4- 6 |  7- 9 | 10-12 | 13-15 | 16-18 | 19-21 | 22-24 | 25-27 || total
---------------------------+-------+-------+-------+-------+-------+-------+-------+-------+-------++-------
  Melee: Unarmed           |     3 |       |       |       |       |       |       |       |       ||     3
         Headbutt          |     1 |     3 |    36 |   381 |  1202 |   806 |  1098 |   835 |  6030 || 10392
         Hand axe          |    11 |    26 |    27 |       |       |       |       |       |       ||    64
         Punch             |       |     1 |       |       |       |       |       |       |     5 ||     6
         Battleaxe         |       |       |   136 |   183 |       |       |       |       |       ||   319
         Pair of quick bla |       |       |       |  1091 |  3642 |  2474 |  3099 |  2005 | 13165 || 25476
         Kick              |       |       |       |    20 |       |       |       |   475 |       ||   495
         Maw               |       |       |       |       |   157 |  1215 |  1437 |   830 |       ||  3639
         Quick blade       |       |       |       |       |       |       |       |       |    90 ||    90
   Cast: Sting             |    63 |    60 |    56 |    13 |       |       |       |       |       ||   192
         Mercury Vapours   |     8 |     9 |    11 |     3 |       |       |       |       |       ||    31
         Static Discharge  |       |     8 |     6 |     1 |       |       |       |       |       ||    15
         Mephitic Cloud    |       |     2 |     7 |    15 |    12 |     9 |     4 |     3 |     9 ||    61
         Olgreb's Toxic Ra |       |       |    21 |    32 |     8 |    13 |     1 |     3 |       ||    78
         Sticky Flame      |       |       |    26 |    28 |     6 |       |     1 |     1 |     5 ||    67
         Call Canine Famil |       |       |       |     9 |       |       |       |       |       ||     9
         Alistair's Intoxi |       |       |       |       |    15 |     8 |    45 |     4 |    33 ||   105
         Eringya's Noxious |       |       |       |       |     3 |    12 |     5 |     4 |     2 ||    26
         Ignite Poison     |       |       |       |       |     2 |     7 |     3 |     5 |     2 ||    19
         Vhi's Electric Ch |       |       |       |       |       |    45 |   100 |    40 |   129 ||   314
         Swiftness         |       |       |       |       |       |     1 |     3 |       |     1 ||     5
         Yara's Violent Un |       |       |       |       |       |       |       |       |     8 ||     8
         Lesser Beckoning  |       |       |       |       |       |       |       |       |     4 ||     4
         Apportation       |       |       |       |       |       |       |       |       |     1 ||     1
 Invoke: Sacrifice Essence |       |       |     1 |       |     1 |       |       |       |       ||     2
         Sacrifice Experie |       |       |     1 |       |       |       |       |       |       ||     1
         Sacrifice Courage |       |       |       |     1 |       |       |       |       |       ||     1
         Apocalypse        |       |       |       |     3 |       |     5 |     1 |     5 |    10 ||    24
         Sacrifice Skill   |       |       |       |     1 |       |       |       |       |       ||     1
         Reject Sacrifices |       |       |       |     1 |       |       |       |       |       ||     1
         Draw Out Power    |       |       |       |       |     1 |     5 |     1 |     3 |       ||    10
         Power Leap        |       |       |       |       |       |       |     1 |     1 |       ||     2
Ability: Begin Untransform |       |       |       |       |       |       |     1 |       |       ||     1
  Evoke: Wand              |       |       |       |     2 |       |       |     1 |    14 |     9 ||    26
         Tin of tremorston |       |       |       |       |       |     2 |     2 |     2 |     8 ||    14
         Phial of floods   |       |       |       |       |       |     1 |       |       |       ||     1
         Box of beasts     |       |       |       |       |       |       |     1 |     1 |     3 ||     5
         Lightning rod     |       |       |       |       |       |       |       |     6 |     4 ||    10
         Horn of Geryon    |       |       |       |       |       |       |       |       |     3 ||     3
         Phantom mirror    |       |       |       |       |       |       |       |       |     3 ||     3
    Use: Potion            |       |     1 |       |    13 |     2 |     3 |     4 |    19 |    26 ||    68
         Scroll            |       |       |       |    16 |    11 |     3 |     1 |     2 |    11 ||    44
   Stab: Confused          |       |     1 |     2 |    25 |    36 |    44 |    73 |    10 |    33 ||   224
         Sleeping          |       |       |     1 |     2 |     1 |     6 |    19 |     6 |    39 ||    74
         Distracted        |       |       |     1 |     5 |     6 |     8 |     6 |     4 |    40 ||    70
         Paralysed         |       |       |       |     4 |     4 |    21 |     7 |    10 |    22 ||    68
         Invisible         |       |       |       |     6 |    10 |    15 |    17 |     9 |    56 ||   113
         Petrifying        |       |       |       |       |       |       |       |       |     4 ||     4
         Betrayed ally     |       |       |       |       |       |       |       |       |     2 ||     2
 Armour: Robe              |    18 |    49 |   177 |   373 |    12 |       |       |       |       ||   629
         Troll leather arm |       |       |       |    62 |   463 |       |       |       |       ||   525
         Skin              |       |       |       |       |    23 |   433 |   355 |   400 |  3555 ||  4766
  Dodge: Dodged            |    10 |    25 |   127 |   369 |   605 |   367 |   237 |   246 |  2478 ||  4464
   Form: Maw               |       |       |       |       |     1 |       |     1 |     1 |       ||     3
         Statue            |       |       |       |       |       |       |       |     2 |       ||     2

Table legend: (Time is in decaauts)
 A = Elapsed time spent in this place.
 B = Non-inter-level travel time spent in this place.
 C = Inter-level travel time spent in this place.
 D = Time resting spent in this place.
 E = Time spent auto-exploring this place.
 F = Levels seen in this place.
 G = Mean time per level.
                   A        B        C        D        E       F      G
               +--------+--------+--------+--------+--------+-----+--------+
         Total |  79715 |  73368 |   6347 |   8796 |  42555 |  73 | 1092.0 |
       Dungeon |  18414 |  16820 |   1594 |   1013 |  12531 |  15 | 1227.6 |
          Lair |   6634 |   5989 |    645 |    712 |   4105 |   5 | 1326.8 |
        Shoals |   3291 |   3140 |    151 |    392 |   1932 |   4 |  822.8 |
     Snake Pit |   5411 |   5120 |    291 |    948 |   2603 |   4 | 1352.8 |
    Slime Pits |   2710 |   2439 |    271 |    591 |    965 |   5 |  542.0 |
  Orcish Mines |   1562 |   1279 |    283 |     29 |    916 |   2 |  781.0 |
   Elven Halls |   3967 |   3579 |    388 |    460 |   2020 |   3 | 1322.3 |
        Vaults |   9375 |   8523 |    852 |    919 |   5216 |   5 | 1875.0 |
         Crypt |   5881 |   5656 |    225 |     91 |   3970 |   3 | 1960.3 |
        Depths |   7254 |   6293 |    961 |    695 |   4009 |   4 | 1813.5 |
          Hell |    916 |    902 |     14 |    426 |      0 |   1 |  916.0 |
      Tartarus |   4135 |   4041 |     94 |    824 |    842 |   7 |  590.7 |
           Zot |   6621 |   6049 |    572 |    906 |   2754 |   5 | 1324.2 |
         Abyss |   1052 |   1052 |      0 |     22 |      1 |   5 |  210.4 |
         Trove |     91 |     91 |      0 |      0 |      0 |   1 |   91.0 |
        Bailey |    946 |    946 |      0 |    170 |    532 |   1 |  946.0 |
      Ice Cave |    689 |    689 |      0 |    498 |      0 |   1 |  689.0 |
       Volcano |    410 |    410 |      0 |     81 |    157 |   1 |  410.0 |
      Gauntlet |    346 |    346 |      0 |     13 |      1 |   1 |  346.0 |
               +--------+--------+--------+--------+--------+-----+--------+

Top non-repeatable levels by time:
   Tar:7: 2492 daAuts
Depths:1: 2355 daAuts
 Crypt:3: 2310 daAuts
Vaults:5: 2245 daAuts
Vaults:1: 1990 daAuts
 Crypt:1: 1978 daAuts
 Snake:4: 1899 daAuts
    D:11: 1885 daAuts
Vaults:3: 1871 daAuts
Depths:3: 1846 daAuts
Vaults:4: 1816 daAuts
Depths:4: 1803 daAuts
     D:6: 1716 daAuts
  Lair:1: 1683 daAuts
     D:8: 1671 daAuts

Levels and vault maps discovered:
D:1:      spicycebolla_arrival_risky_transporter, layout_basic,
          minmay_misc_feat_enclosed, chequers_serial_rivers_small_a,
          hangedman_decor_opposing
D:2:      layout_basic, minmay_lizard_pond
D:3:      layout_loops_ring, shapermc_ecumenical_altar_ellora
D:4:      layout_loops_ring, mainiacjoe_overflow_six_doors_small,
          hangedman_ru_absence, lemuel_round_altar
D:5:      layout_loops_ring, nicolae_elyvilon_peaceful_grove,
          mainiacjoe_overflow_large_starburst, minmay_temple_entry_hall,
          ebering_ghost_reflecting_pool, uniq_blork_the_orc, uniq_prince_ribbit1
D:6:      kennysheep_spiral_hall, layout_basic
D:7:      layout_basic, mainiacjoe_overflow_boulevard, serial_shops, shop,
          gammafunk_ghost_icy, hangedman_decor_clover_reticule
D:8:      layout_loops_ring, mainiacjoe_overflow_catwalk,
          introduction_to_nature_2, uniq_grum, uniq_maurice
D:9:      layout_basic, nicolae_uskayaw_dance_studio,
          mainiacjoe_overflow_brackets, nicolae_overflow_crystal_walls,
          minivault_21
D:10:     layout_loops_cross, nicolae_overflow_hidden_temple,
          hellmonk_ghost_happy_afterlife, enter_bailey_3
D:11:     layout_basic, hellmonk_lair_entry_icy
D:12:     layout_cross, minmay_orc_entry_temple_small
D:13:     layout_basic, gammafunk_ghost_smash
D:14:     layout_basic, grunt_vaults_entry_fortified,
          nicolae_elevator_lobby_plus, gauntlet_entry_generic,
          nicolae_trove_entry_crystal, chequers_guarded_unrand_ignorance
D:15:     gammafunk_depths_entry_grave, layout_long_grid,
          nemelex_lonely_heart_becter, drop_trap
Lair:1:   layout_cave_pods, gammafunk_ghost_split, grunt_megastairs_1
Lair:2:   layout_layer_cave, serial_bayou_shore_b, serial_bayou_shore_a,
          lemuel_fruit_tree
Lair:3:   layout_concentric_octagons, minmay_shoals_entry_beasts,
          minmay_snake_entry_guardpost_small, portal_ice_cave_entry_imps,
          minivault_24, hibernation_bobbens, uniq_amaemon
Lair:4:   layout_misc_corridors, nicolae_slime_entry_slimehenge,
          grunt_forest_stairs_basic, uniq_kirke, uniq_snorg
Lair:5:   hangedman_lair_caniforms_friends, layout_small_grid,
          nicolae_volcano_entry_lava_flow, serial_rivers,
          chequers_serial_rivers_micro_d, chequers_serial_rivers_micro_e,
          chequers_serial_rivers_micro_c, chequers_serial_rivers_room_b,
          chequers_serial_rivers_small_b
Shoals:1: layout_shoals, uniq_nikola, uniq_donald
Shoals:2: layout_shoals, uniq_frances
Shoals:3: cheibrodos_shoals_three_sisters, layout_shoals, uniq_ilsuiw
Shoals:4: shoals_end_simple, layout_shoals, shoal_ilsuiw
Snake:1:  layout_misc_corridors, serial_shops, nicolae_take_the_stairs,
          hangedman_snake_pattern, nicolae_integral_box, uniq_agnes
Snake:2:  layout_layer_cave, serial_library_regret_index_turning,
          nicolae_snake_dead_anacondas, uniq_vashnia
Snake:3:  layout_layer_cave, uniq_roxanne, uniq_aizul, uniq_mlioglotl,
          uniq_bai_suzhen
Snake:4:  snake_pit_salamanders_mu, layout_cave_town, serial_shops,
          nicolae_shop_gibbet_a_chance, uniq_mara
Slime:1:  layout_caves
Slime:2:  nicolae_slime_infinislime, layout_caves
Slime:3:  layout_caves, dissolution_awaits
Slime:4:  cheibrodos_slime_lost_civilization_8, layout_caves,
          cheibrodos_slime_lost_civilization_7
Slime:5:  slime_pit
Orc:1:    layout_caves, serial_shops, nicolae_shop_scrapyard
Orc:2:    grunt_orc_community_town_hall, layout_caves,
          grunt_orc_community_big_house_1, grunt_orc_community_big_house_2,
          grunt_orc_community_house_2, grunt_orc_community_house_2,
          grunt_orc_community_house_3, grunt_orc_community_house_2, basic_altar
Elf:1:    elf_arrival_002, layout_geoelf_diagonals, ebering_ghost_rock_garden,
          serial_shops, nicolae_shop_tiny_glass, minmay_elf_necromancy,
          roderic_lattice_octagonal_star, uniq_azrael
Elf:2:    nicolae_elf_blades_crystal_corner, layout_gridlike
Elf:3:    nooodl_elf_gasket, layout_loops_cross, serial_shops,
          nicolae_shop_advertising_works [nicolae_subvault_shop_adworks]
Vaults:1: v_rooms_2, vaults_standard_mumra_x, v_misc_8,
          nicolae_vaults_closet_pinwheel_1, st_star,
          nicolae_vaults_disjoint_gnomons, v_misc_29,
          hangedman_vaults_restitches, serial_ice_g, vaults_room_door_ring,
          nicolae_vaults_two_Ls, vaults_mumra_chevron_long,
          vaults_room_door_ring, ontoclasm_vaults_fault,
          layout_vaults_maze_bifur
Vaults:2: nicolae_vaults_circle_grid_b, v_misc_22, vaults_dpeg_encased_lava,
          nicolae_vaults_alarming, vaults_mumra_minichess, v_misc_8,
          nicolae_vaults_security_offices_1, hangedman_vaults_maws,
          nicolae_vaults_cochlea, layout_vaults_big_room
Vaults:3: vaults_room_fours, nicolae_vaults_little_squares_1,
          nicolae_vaults_prndl, nicolae_vaults_corridor_and_loot_room,
          nicolae_vaults_wine_cellar, minmay_crypt_entry_simple_sparse,
          v_misc_10, vaults_dpeg_diagonal, hangedman_vaults_snaps,
          v_alt_pattern_6, nicolae_vaults_closet_pinwheel_4,
          vaults_room_stairs_pillars, nicolae_vaults_two_Ls,
          layout_vaults_omnicross, serial_shops, nicolae_shop_trees
Vaults:4: nicolae_vaults_offset_grid_hallway_1, vaults_room_door_hall,
          nicolae_vaults_border_crossing, v_misc_15,
          nicolae_vaults_closet_pinwheel_1, nicolae_vaults_double_plus_1,
          nicolae_vaults_trapezoid_lopsided_3, nicolae_vaults_trapezoid_2,
          nicolae_vaults_turnstiles, nicolae_vaults_meeting,
          layout_vaults_quadrants, uniq_saint_roka, uniq_jory
Vaults:5
Crypt:1:  layout_catacombs, basic_altar, uniq_sojobo, uniq_margery, uniq_mennas
Crypt:2:  lemuel_vampire_tower, layout_gridlike, grunt_megastairs_4,
          lemuel_upstairs_altar
Crypt:3:  quadcrypt_mu
Depths:1: layout_cave_shapes, enter_ziggurat_f, hellmouth_3,
          nicolae_figureground_sparkle, serial_shops,
          nicolae_shop_back_alley_shop, nicolae_abyss_entry_one_way_or_another,
          serial_bayou_pond_d, minivault_16, hangedman_abyss_or_decor_stagger,
          kennysheep_generic_room_10, uniq_asterion
Depths:2: nicolae_fronds_of_death, layout_gridlike,
          infiniplex_staircase_pool_lava, hell_entry, rand_demon_pan_entry_1,
          uniq_norris
Depths:3: hangedman_crystal_crosses_colossus [crystal_crosses_arms_four,
          crystal_crosses_arms_two, crystal_crosses_arms_one,
          crystal_crosses_arms_one], abyss_entry, hell_entry, uniq_enchantress
Depths:4: evilmike_zot_entry_round, layout_basic,
          nicolae_hell_entry_big_baal_hell, minmay_misc_feat_nine_boxes
Hell
Tar:1:    layout_catacombs
Tar:2:    layout_grid_maze
Tar:3:    nicolae_hells_titanomachy
Tar:4:    hangedman_restless_catacombs
Tar:5:    layout_honeycomb, nicolae_tar_combbox
Tar:6:    layout_grid_maze
Tar:7:    tar_grunt_cathedral
Zot:1:    layout_onion_interference, guppyfry_library_mini
Zot:2:    layout_cellular_growth, grunt_ministairs_14, grunt_megastairs_3
Zot:3:    layout_onion_interference, regret_index_zotdec_obsidian_hm,
          zot_minivault_4, grunt_megastairs_2, uniq_vv
Zot:4:    layout_gridlike, regret_index_zotdec_storm_pass
Zot:5:    layout_basic, lemuel_baited_zot_trap, nicolae_transporter_intersection

Table legend: (Time is in decaauts)
 A = Elapsed time spent in this place.
 B = Non-inter-level travel time spent in this place.
 C = Inter-level travel time spent in this place.
 D = Time resting spent in this place.
 E = Time spent auto-exploring this place.
 F = Levels seen in this place.
 G = Mean time per level.
                   A        B        C        D        E       F      G
               +--------+--------+--------+--------+--------+-----+--------+
         Total |  79715 |  73368 |   6347 |   8796 |  42555 |  73 | 1092.0 |
       Dungeon |  18414 |  16820 |   1594 |   1013 |  12531 |  15 | 1227.6 |
          Lair |   6634 |   5989 |    645 |    712 |   4105 |   5 | 1326.8 |
        Shoals |   3291 |   3140 |    151 |    392 |   1932 |   4 |  822.8 |
     Snake Pit |   5411 |   5120 |    291 |    948 |   2603 |   4 | 1352.8 |
    Slime Pits |   2710 |   2439 |    271 |    591 |    965 |   5 |  542.0 |
  Orcish Mines |   1562 |   1279 |    283 |     29 |    916 |   2 |  781.0 |
   Elven Halls |   3967 |   3579 |    388 |    460 |   2020 |   3 | 1322.3 |
        Vaults |   9375 |   8523 |    852 |    919 |   5216 |   5 | 1875.0 |
         Crypt |   5881 |   5656 |    225 |     91 |   3970 |   3 | 1960.3 |
        Depths |   7254 |   6293 |    961 |    695 |   4009 |   4 | 1813.5 |
          Hell |    916 |    902 |     14 |    426 |      0 |   1 |  916.0 |
      Tartarus |   4135 |   4041 |     94 |    824 |    842 |   7 |  590.7 |
           Zot |   6621 |   6049 |    572 |    906 |   2754 |   5 | 1324.2 |
         Abyss |   1052 |   1052 |      0 |     22 |      1 |   5 |  210.4 |
         Trove |     91 |     91 |      0 |      0 |      0 |   1 |   91.0 |
        Bailey |    946 |    946 |      0 |    170 |    532 |   1 |  946.0 |
      Ice Cave |    689 |    689 |      0 |    498 |      0 |   1 |  689.0 |
       Volcano |    410 |    410 |      0 |     81 |    157 |   1 |  410.0 |
      Gauntlet |    346 |    346 |      0 |     13 |      1 |   1 |  346.0 |
               +--------+--------+--------+--------+--------+-----+--------+

Top non-repeatable levels by time:
   Tar:7: 2492 daAuts
Depths:1: 2355 daAuts
 Crypt:3: 2310 daAuts
Vaults:5: 2245 daAuts
Vaults:1: 1990 daAuts
 Crypt:1: 1978 daAuts
 Snake:4: 1899 daAuts
    D:11: 1885 daAuts
Vaults:3: 1871 daAuts
Depths:3: 1846 daAuts
Vaults:4: 1816 daAuts
Depths:4: 1803 daAuts
     D:6: 1716 daAuts
  Lair:1: 1683 daAuts
     D:8: 1671 daAuts

Table legend:
 A = Kills in this place as a percentage of kills in the entire game.
 B = Kills by you in this place as a percentage of kills by you in the entire game.
 C = Kills by friends in this place as a percentage of kills by friends in the entire game.
 D = Other kills in this place as a percentage of other kills in the entire game.
 E = Experience gained in this place as a percentage of experience gained in the entire game.
 F = Experience gained in this place divided by the number of levels of this place that you have seen.
                   A       B       C       D       E      F
               +-------+-------+-------+-------+-------+----------------------
         Total | 100.0 | 100.0 | 100.0 | 100.0 | 100.0 | 28332.8
       Dungeon |  12.4 |  12.2 |  23.1 |  17.1 |   3.1 | 4232.4
          Lair |   6.1 |   6.2 |   7.7 |   1.4 |   2.1 | 8713.4
        Shoals |   4.8 |   4.8 |   0.0 |   5.7 |   4.0 | 20746.5
     Snake Pit |   7.7 |   7.7 |   0.0 |   7.1 |   6.4 | 33078.0
    Slime Pits |   4.4 |   4.5 |   7.7 |   0.0 |   4.3 | 17723.6
  Orcish Mines |   4.2 |   4.1 |   0.0 |   7.1 |   0.7 | 6942.5
   Elven Halls |   6.5 |   6.7 |   0.0 |   1.4 |   6.9 | 47613.7
        Vaults |  13.8 |  13.9 |   7.7 |  14.3 |  15.7 | 65110.0
         Crypt |   7.8 |   7.7 |   0.0 |  14.3 |   8.3 | 57329.7
        Depths |   8.6 |   8.7 |   0.0 |   5.7 |  11.5 | 59597.5
          Hell |   2.9 |   2.9 |   0.0 |   2.9 |   3.9 | 80718.0
      Tartarus |   5.8 |   5.6 |  38.5 |   7.1 |  12.8 | 37723.0
           Zot |   7.9 |   7.8 |   7.7 |  11.4 |  15.8 | 65295.0
         Abyss |   5.0 |   5.0 |   0.0 |   2.9 |   3.9 | 16204.2
        Bailey |   1.1 |   1.1 |   0.0 |   1.4 |   0.1 | 2589.0
      Ice Cave |   0.4 |   0.4 |   7.7 |   0.0 |   0.2 | 3574.0
       Volcano |   0.2 |   0.2 |   0.0 |   0.0 |   0.1 | 2279.0
      Gauntlet |   0.3 |   0.3 |   0.0 |   0.0 |   0.2 | 3956.0
               +-------+-------+-------+-------+-------+----------------------
